 Dungeon Crawl Stone Soup version 0.31-a0-1029-ge8c24b2130 (webtiles) character file.

Game seed: 11539130684269631392

2113107 Sergey the Intangible (level 24, 134/134 HPs)
             Began as a Felid Chaos Knight on Nov 18, 2023.
             Was the Champion of Zin.
             Escaped with the Orb
             ... and 4 runes!
             The game lasted 03:54:48 (77284 turns).

Sergey the Intangible (Felid Chaos Knight)         Turns: 77284, Time: 03:54:48

Health: 134/134    AC:  7    Str:  4    XL:     24   Next: 65%
Magic:  52/52      EV: 66    Int: 26    God:    Zin [******]
Gold:   1324       SH:  4    Dex: 38    Spells: 3/53 levels left
                                        Lives:  1   Deaths: 3

rFire   + +          +
                       - Unarmed
rCold   + . .        (shield unavailable)
rNeg    + . .        (body armour unavailable)
rPois   +            (helmet unavailable)
rElec   +            (cloak unavailable)
rCorr   +            (gloves unavailable)
SInv    +            (boots unavailable)
Will    ++++.        Q - amulet of Hard Scrabble {RegenMP Will+ Int+5}
Stlth   +++          D - ring "Teacual" {rElec rN+ Dex+6 Slay+5}
HPRegen 1.22/turn    r - ring of Juzua {rF+ rCorr MP+9 Int+4 Dex+3}
MPRegen 0.73/turn

%: no passive effects
@: studying Unarmed Combat, quick
A: very small, claws 3, fangs 3, see invisible, speed 1, shaggy fur 3, stealthy
paws, no weapons or thrown items, no armour, multi-lived, iridescent scales 2,
large bone plates 1, agile 2, fire resistance 3, sense surroundings 1, poison
resistance, regeneration 1, robust 2, weak 1
0: Orb of Zot
}: 4/15 runes: barnacled, slimy, abyssal, gossamer
a: Renounce Religion, Recite, Vitalisation, Imprison, Sanctuary, Donate Gold


You escaped.
You worshipped Zin.
Zin was exalted by your worship.
You visited 11 branches of the dungeon, and saw 54 of its levels.
You visited the Abyss 2 times.
You also visited: Ice Cave, Wizlab and Desolation.

You collected 8789 gold pieces.
You spent 3371 gold pieces at shops.
You donated 4094 gold pieces to Zin.

Inventory:

Jewellery
 p - the amulet "Yklumoo" {RegenMP Fragile rPois Str-5 Dex+8}
   (You found it on level 3 of the Elven Halls)

   [amulet of magic regeneration]

   RegenMP:   It increases your rate of magic regeneration.
   Str-5:     It affects your strength (-5).
   Dex+8:     It affects your dexterity (+8).
   rPois:     It protects you from poison Fragile: It will be destroyed if
   unequipped.
 r - the ring of Juzua (right paw) {rF+ rCorr MP+9 Int+4 Dex+3}
   (You found it in the Desolation of Salt)

   [ring of magical power]

   Int+4:     It affects your intelligence (+4).
   Dex+3:     It affects your dexterity (+3).
   rF+:       It protects you from fire.
   MP+9:      It affects your magic capacity (+9).
   rCorr:     It protects you from acid and corrosion.
 t - the dreamshard necklace {Acrobat *Dream}
   (You took it off a deep elf archer on level 3 of the Elven Halls)

   [amulet of the acrobat]

   *Dream:    It absorbs a single lethal wound into itself, holding its wearer
   just short of death and releasing dream-creatures to guard them.
   Acrobat:   It increases your evasion while moving and waiting.
 w - the ring of Utem {rF+ Int+6 Dex+2 SInv}
   (You acquired it on level 8 of the Dungeon)

   [ring of intelligence]

   Int+6:     It affects your intelligence (+6).
   Dex+2:     It affects your dexterity (+2).
   rF+:       It protects you from fire.
   SInv:      It lets you see invisible.
 y - an amulet of magic regeneration
 D - the ring "Teacual" (left paw) {rElec rN+ Dex+6 Slay+5}
   (You bought it in a shop on level 3 of the Depths)

   [ring of dexterity]

   Dex+6:     It affects your dexterity (+6).
   Slay+5:    It affects your accuracy & damage with ranged weapons and melee
   (+5).
   rElec:     It insulates you from electricity.
   rN+:       It protects you from negative energy.
 F - a +6 ring of intelligence
 G - a ring of fire
 K - the ring "Fiuk Jur" {Will+ AC+4 Int-3 Slay+2}
   (You acquired it on level 3 of the Lair of Beasts)

   [ring of protection]

   AC+4:      It affects your AC (+4).
   Int-3:     It affects your intelligence (-3).
   Slay+2:    It affects your accuracy & damage with ranged weapons and melee
   (+2).
   Will+:     It increases your willpower.
 Q - the amulet of Hard Scrabble (around neck) {RegenMP Will+ Int+5}
   (You took it off a merfolk siren on level 4 of the Shoals)

   [amulet of magic regeneration]

   RegenMP:   It increases your rate of magic regeneration.
   Int+5:     It affects your intelligence (+5).
   Will+:     It increases your willpower.
Wands
 c - a wand of acid (18)
 i - a wand of roots (12)
 q - a wand of charming (25)
 v - a wand of digging (11)
 O - a wand of mindburst (3)
Scrolls
 a - a scroll of butterflies
 b - 4 scrolls of immolation
 d - 3 scrolls of fog {@r2}
 f - 4 scrolls of fear
 h - 3 scrolls of silence {!r}
 k - 3 scrolls of blinking {@r4}
 l - 14 scrolls of identify {@r1}
 m - a scroll of revelation {@r5}
 u - 7 scrolls of poison
 z - 3 scrolls of summoning {!r}
 A - 11 scrolls of teleportation {@r3}
 B - 3 scrolls of vulnerability {!r}
 M - 6 scrolls of amnesia
Potions
 e - a potion of magic
 g - 3 potions of resistance
 j - 10 potions of curing {@q2}
 n - 7 potions of mutation
 x - 4 potions of heal wounds {@q1}
 E - a potion of might {@q3}
 H - 5 potions of enlightenment
 J - 4 potions of brilliance
 L - 3 potions of berserk rage
 N - 10 potions of ambrosia
 P - a potion of invisibility
 R - a potion of cancellation
 U - 6 potions of attraction
Miscellaneous
 C - a sack of spiders
 I - a phantom mirror


   Skills:
 - Level 15.0 Fighting
 O Level 27 Dodging
 - Level 15.0 Stealth
 - Level 14.0 Unarmed Combat
 - Level 15.0 Spellcasting
 - Level 14.0 Conjurations
 - Level 15.0 Summonings
 + Level 17.6 Translocations
 - Level 3.0 Transmutations
 - Level 3.0 Fire Magic
 - Level 3.0 Air Magic
 - Level 8.0 Earth Magic
 - Level 7.0 Poison Magic
 - Level 15.0 Invocations
 - Level 12.0 Evocations


You had 3 spell levels left.
You knew the following spells:

 Your Spells              Type           Power      Damage    Failure   Level
a - Bombard               Conj/Erth      33%        9d6       4%          6
b - Disjunction           Tloc           42%        N/A       13%         8
c - Mephitic Cloud        Conj/Pois/Air  57%        N/A       1%          3
d - Magic Dart            Conj           100%       1d8       0%          1
e - Blink                 Tloc           100%       N/A       0%          2
f - Summon Forest         Summ/Tloc      40%        N/A       1%          5
g - Dispersal             Tloc           42%        N/A       1%          6
i - Ignite Poison         Fire/Tmut/Pois 42%        N/A       1%          3
j - Apportation           Tloc           100%       N/A       0%          1
k - Vhi's Electric Charg  Tloc/Air       100%       N/A       1%          4
s - Spellforged Servitor  Conj/Summ      38%        N/A       6%          7
v - Olgreb's Toxic Radia  Pois           54%        N/A       1%          4

Your spell library contained the following spells:

 Spells                   Type           Power      Damage    Failure   Level
 Call Imp                 Summ           100%       N/A       0%          2
 Lesser Beckoning         Tloc           100%       N/A       0%          2
 Momentum Strike          Conj/Tloc      100%       3d10      0%          2
 Searing Ray              Conj           100%       2d8       0%          2
 Gell's Gravitas          Tloc           84%        N/A       0%          3
 Teleport Other           Tloc           84%        N/A       0%          3
 Foxfire                  Conj/Fire      100%       2x1d9     1%          1
 Kiss of Death            Conj/Necr      100%       2d13      1%          1
 Sandblast                Erth           100%       2d20      1%          1
 Shock                    Conj/Air       100%       1d9       1%          1
 Sting                    Tmut/Pois      100%       1d8       1%          1
 Cigotuvi's Dreadful Rot  Necr/Pois/Air  72%        N/A       1%          2
 Passwall                 Tmut/Erth      40%        N/A       1%          2
 Poisonous Vapours        Pois/Air       90%        N/A       1%          2
 Static Discharge         Conj/Air       100%       3-8/arc   1%          2
 Hailstorm                Conj/Ice       54%        3d12      1%          3
 Stone Arrow              Conj/Erth      100%       3d13      1%          3
 Summon Guardian Golem    Hex/Summ       55%        N/A       1%          3
 Volatile Blastmotes      Fire/Tloc      100%       2d18      1%          3
 Freeze                   Ice            76%        1d8       2%          1
 Necrotise                Necr           76%        1d7       2%          1
 Slow                     Hex            76%        N/A       2%          1
 Swiftness                Air            35%        N/A       2%          3
 Ensorcelled Hibernation  Hex/Ice        38%        N/A       4%          2
 Jinxbite                 Hex            38%        N/A       4%          2
 Sublimation of Blood     Necr           19%        N/A       4%          2
 Confusing Touch          Hex            19%        N/A       9%          3
 Frozen Ramparts          Ice            38%        1d6       9%          3
 Ozocubu's Armour         Ice            19%        N/A       9%          3
 Sigil of Binding         Hex            19%        N/A       9%          3
 Vampiric Draining        Necr           19%        2d7       9%          3
 Brom's Barrelling Bould  Conj/Erth      67%        2d8       1%          4
 Fulminant Prism          Conj/Hex       27%        3d14      1%          4
 Iskenderun's Mystic Bla  Conj/Tloc      80%        2d16      1%          4
 Manifold Assault         Tloc           84%        N/A       1%          4
 Passage of Golubria      Tloc           84%        N/A       1%          4
 Summon Ice Beast         Ice/Summ       55%        N/A       1%          4
 Summon Lightning Spire   Summ/Air       60%        N/A       1%          4
 Iskenderun's Battlesphe  Conj           75%        2d12      1%          5
 Petrify                  Tmut/Erth      48%        N/A       2%          4
 Arcjolt                  Conj/Air       29%        1d39      2%          5
 Irradiate                Conj/Tmut      29%        3d21      2%          5
 Summon Mana Viper        Hex/Summ       55%        N/A       3%          5
 Monstrous Menagerie      Summ           39%        N/A       4%          7
 Summon Hydra             Summ           39%        N/A       4%          7
 Airstrike                Air            17%        2d(3-19)  8%          4
 Freezing Cloud           Conj/Ice/Air   24%        6-21      8%          5
 Orb of Destruction       Conj           37%        9d11      8%          7
 Alistair's Intoxication  Tmut/Pois      30%        N/A       10%         5
 Conjure Ball Lightning   Conj/Air       29%        3x3d8     13%         6
 Starburst                Conj/Fire      29%        6d9       13%         6
 Borgnjor's Vile Clutch   Necr/Erth      20%        N/A       14%         5
 Anguish                  Hex/Necr       9%         N/A       26%         4
 Animate Dead             Necr           19%        N/A       26%         4
 Cause Fear               Hex            9%         N/A       26%         4
 Dispel Undead            Necr           19%        3d11      26%         4
 Summon Horrible Things   Summ           39%        N/A       36%         8
 Silence                  Hex/Air        13%        N/A       38%         5
 Eringya's Noxious Bog    Tmut/Pois      22%        4d6       47%         6
 Agony                    Necr           19%        N/A       58%         5
 Metabolic Englaciation   Hex/Ice        9%         N/A       58%         5
 Plasma Beam              Fire/Air       17%        2x1d29    77%         6
 Death Channel            Necr           9%         N/A       99%         6
 Simulacrum               Ice/Necr       9%         N/A       99%         6
 Enfeeble                 Hex            9%         N/A       100%        7
 Ozocubu's Refrigeration  Ice            9%         4d9       100%        7
 Discord                  Hex            9%         N/A       100%        8
 Ignition                 Fire           17%        3d7       100%        8
 Maxwell's Capacitive Co  Air            17%        ∞         100%        8
 Polar Vortex             Ice            9%         12d1*     100%        9


Dungeon Overview and Level Annotations

Branches:
Dungeon (15/15)            Temple (0/1) D:6            Lair (5/5) D:9
 Shoals (4/4) Lair:3       Spider (4/4) Lair:3        Slime (5/5) Lair:4
    Orc (2/2) D:9             Elf (3/3) Orc:2        Vaults (4/5) D:14
  Crypt (3/3) Vaults:2       Tomb (0/3) Crypt:3      Depths (4/4) D:15
    Zot (5/5) Depths:4      IceCv (visited)          WizLab (visited)
Desolation (visited)

Altars:
Dithmenos
Elyvilon
Fedhas
Gozag
Kikubaaqudgha
Makhleb
Nemelex Xobeh
Okawaru
Qazlal
Sif Muna
Uskayaw
Vehumet
Wu Jian
Xom
Yredelemnul
Zin
The Shining One

Shops:
D:7 *   Orc:2 ?(*(=   Elf:1 !   Shoals:3 [   Depths:3 =:=   Depths:4 !=

Portals:
Hell: Depths:2 Depths:3 Depths:4
Abyss: Depths:3
Pandemonium: Depths:2 Depths:4
Ziggurat: Depths:2

Annotations:
D:1 exclusion: endoplasm
D:2 Natasha
D:10 exclusion: downstairs
D:11 exclusion: downstairs
D:12 1 runed translucent door
Lair:1 exclusion: downstairs
Lair:4 exclusion: 3 downstairs
Lair:5 3 runed translucent doors, night's ghost, journeyman DgHu
Shoals:2 2 transporters, exclusion: orange crystal statue
Spider:2 3 runed translucent doors, Banec's ghost, adept VSFi
Spider:3 3 runed translucent doors, exclusion: downstairs, Rimnyil's ghost, adept DsBe
Elf:2 3 runed translucent doors
Vaults:1 6 exclusions
Vaults:2 2 transporters
Crypt:2 36 runed doors
Depths:1 1 exclusion


Innate Abilities, Weirdness & Mutations

You have sharp claws.
You have razor-sharp teeth.
You have supernaturally acute eyesight. (SInv)
You cover ground quickly. (Speed+)
Your thick and shaggy fur keeps you warm. (AC +3, rC+)
Your paws help you pounce on unaware monsters.
You are incapable of wielding weapons or throwing items.
You cannot wear armour.
You gain extra lives every three experience levels.
You are mostly covered in iridescent scales. (AC +4)
You are partially covered in large bone plates. (SH +4)
You are very agile. (Dex +8, Str/Int -2)
Your flesh is almost immune to the effects of heat. (rF+++)
You passively map a small area around you.
Your system is resistant to poisons. (rPois)
Your natural rate of healing is unusually fast.
You are very robust. (+20% HP)
You are weak. (Str -2)


Message History

A golden eye comes into view.
The golden eye moves out of view.
You see here a +0 giant club.
There is a stone staircase leading up here.
You climb upwards.
There is a stone staircase leading down here.
The scorpion completely misses you.
Casting: Bombard (dangerous; 4% risk of failure)
Confirm with . or Enter, or press ? or * to list all spells.
Aiming: Bombard (dangerous; 4% risk of failure)
Press: ? - help, Shift-Dir - straight line, f - scorpion
Aim: a scorpion (74% to hit)
The iron shot hits the scorpion!!
You kill the scorpion!
The blast sends you backwards.
Casting: Bombard (dangerous; 4% risk of failure)
Confirm with . or Enter, or press ? or * to list all spells.
You can't see any susceptible monsters within range! (Use Z to cast anyway.)
Casting: Bombard (dangerous; 4% risk of failure)
Confirm with . or Enter, or press ? or * to list all spells.
You can't see any susceptible monsters within range! (Use Z to cast anyway.) Magic restored.
There is an escape hatch in the ceiling here.
A mysterious force pulls you upwards. The hatch slams shut behind you.
You see here a staff of fire {rF+ !a}.
There is a stone staircase leading up here.
You climb upwards.
Level annotation: Natasha
There is a stone staircase leading down, spattered with blood here.
There is a stone staircase leading up here.
You climb upwards.
Level annotation: exclusion: endoplasm
There is a stone staircase leading down here.
You enter the shallow water.
Moving in this stuff is going to be slow.
There is a large open door here.
There is a staircase leading out of the dungeon here.
Unknown command.
Unknown command.
You have escaped!

#......# ####.....######## ###..#
#......# #........#...###....#
#......######................#..#
#..........~~~≈≈≈§~~~....####....
#......##..~8~~≈≈~~8~.......#....
#......##.#~~8~~~~8~~............
#......##.#≈~~#''#~~≈.....###....
#######.###.#≈≈~#..#~≈≈§....#
#.... ...#
#.###.#≈≈~#@.#~≈≈§....# #....
...#
#..##..≈~~####~~≈§....#######
...# ##.#...~~8§§§§8~~......#
...# #.....~8~§§§§~8~..##..######
...##
###...~~§§§§≈~~~..###.......
....# ##........####...###..#####
....# #(....................#
###.# #.#...........#...##..#####
#.# #.###..#..#................


There were no monsters in sight!

Vanquished Creatures
  the Royal Jelly (Slime:5)
  An ancient lich (Vaults:1)
  An orb of fire (Zot:1)
  A juggernaut (Depths:2)
  Boris (twice) (Vaults:4 Depths:4)
  Margery (Crypt:1)
  A golden dragon (Zot:1)
  A curse toe (Zot:5)
  the Enchantress (Depths:2)
  Norris (Vaults:1)
  A Brimstone Fiend (Depths:3)
  Arachne (Spider:3)
  2 tentacled monstrosities (Depths:2)
  Jorgrun (D:15)
  6 liches
  2 deep elf blademasters (Elf:3)
  2 quicksilver dragons (Zot:5)
  A walking earthen tome (Depths:2)
  A titan (Depths:2)
  6 sphinxes
  2 tentacled starspawn (Abyss:3)
  A kraken (Shoals:4)
  13 acid blobs
  2 death cobs
  5 ancient champions
  4 tengu reavers
  A shadow dragon (Depths:2)
  4 revenants
  2 storm dragons
  A draconian monk (Zot:5)
  4 rockslimes
  2 draconian knights
  Ilsuiw (Shoals:2)
  5 azure jellies
  A demonspawn warmonger (D:13)
  4 fire giants
  2 ghost moths
  10 frost giants
  3 deep elf sorcerers (Elf:3)
  2 emperor scorpions
  A spectral caustic shrike (Crypt:3)
  2 deep elf elementalists (Elf:3)
  3 iron dragons
  An orc warlord (Vaults:3)
  3 imperial myrmidons (Desolation)
  11 vault wardens
  A draconian scorcher (Depths:4)
  2 draconian annihilators
  6 quicksilver oozes (Slime:5)
  4 curse skulls
  4 spriggan defenders (Depths:2)
  4 broodmothers
  10 very ugly things
  11 ironbound preservers
  The ghost of Xuruvid the Thrower, a journeyman GnWn of Cheibriados (D:14)
  3 draconian stormcallers
  9 stone giants
  5 vampire knights
  4 formless jellyfish
  3 ironbound thunderhulks
  A lorocyproca (Depths:2)
  9 deep elf demonologists
  3 red draconians
  6 dire elephants (Vaults:1)
  4 spark wasps
  8 deep elf annihilators (Elf:3)
  A minotaur (Lair:5)
  6 white draconians
  6 eidola
  4 purple draconians
  3 yellow draconians
  5 fire dragons
  An acid blob zombie (Crypt:2)
  2 starcursed masses (Abyss:3)
  3 crystal guardians
  3 deep elf death magi
  3 ragged hierophants (Desolation)
  A blizzard demon (Abyss:3)
  7 ettins
  9 merfolk javelineers
  12 merfolk impalers
  3 deep elf high priests (Elf:3)
  11 jiangshi
  Josephine (D:12)
  12 yaktaur captains
  A fenstrider witch zombie (Crypt:2)
  5 entropy weavers
  5 ice dragons
  2 great orbs of eyes
  6 peacekeepers
  An anaconda (Spider:1)
  A radroach (Spider:1)
  5 servants of whispers (Desolation)
  7 vault guards
  6 hydras
  2 jorogumos (Spider:4)
  4 merfolk avatars
  21 centaur warriors
  10 boulder beetles
  3 merfolk aquamancers (Shoals:4)
  6 ironbound frosthearts
  13 dancing weapons
  2 two-headed ogres
  A jorogumo (shapeshifter) (Depths:2)
  2 alligator snapping turtles (Shoals:4)
  5 death yaks (Lair:5)
  3 spriggan air magi
  A deep troll earth mage (Depths:2)
  2 death knights
  3 deep troll shamans (Depths:2)
  A satyr (Shoals:4)
  5 tengu warriors
  5 demonic crawlers
  4 spriggan berserkers (Depths:2)
  7 vampire magi
  A spectral storm dragon (Crypt:3)
  2 orc high priests (Orc:2)
  10 deep elf knights
  4 hell knights
  A titan zombie (Depths:3)
  3 soul eaters
  A titan skeleton (Depths:3)
  5 thrashing horrors (Abyss:3)
  A salamander mystic (Depths:1)
  5 skeletal warriors
  5 skysharks
  11 shadow wraiths
  2 sixfirhies
  4 wretched stars (Abyss:3)
  4 iron trolls
  6 pharaoh ants
  6 sea snakes
  3 sun moths
  A goliath frog (Lair:5)
  10 orb spiders
  25 deep trolls
  A bunyip skeleton (Crypt:2)
  10 deep elf archers
  3 flayed ghosts (Crypt:3)
  A shadow dragon zombie (Vaults:4)
  12 deep elf pyromancers
  4 steelbarb worms
  9 harpies
  13 ironbound convokers
  A golden dragon skeleton (Depths:3)
  17 phantasmal warriors
  6 lindwurms
  23 deep elf zephyrmancers
  An anaconda skeleton (Crypt:2)
  4 arcanists
  8 orc knights
  A shadow dragon skeleton (Vaults:4)
  3 necromancers
  5 shining eyes
  29 ugly things
  6 orc sorcerers
  21 wolf spiders
  An iron dragon zombie (Crypt:2)
  16 manticores
  A spectral ettin (Crypt:3)
  5 fauns
  2 worldbinders (Abyss:3)
  7 large abominations
  A stone giant zombie (Vaults:4)
  A shining eye (shapeshifter) (Vaults:4)
  4 salamanders
  7 cyclopes
  6 moths of wrath
  3 black mambas
  An elf zombie (Vaults:4)
  15 merfolk sirens
  9 vault sentinels
  A water nymph (Shoals:3)
  An elephant (Lair:2)
  A molten gargoyle (Desolation)
  A guardian serpent (Desolation)
  4 smoke demons
  A water nymph (shapeshifter) (Depths:2)
  6 torpor snails
  22 cane toads
  A black draconian zombie (Crypt:1)
  A gargoyle (D:11)
  A dire elephant skeleton (Crypt:2)
  11 komodo dragons
  2 unseen horrors (shapeshifter)
  3 rime drakes
  A swamp worm zombie (Crypt:2)
  29 yaktaurs
  2 kobold demonologists (D:10)
  An efreet (Abyss:3)
  2 tormentors
  7 freezing wraiths
  3 ancient zymes (Abyss:3)
  A minotaur skeleton (Crypt:2)
  6 tengu conjurers
  A red draconian skeleton (Crypt:3)
  A queen bee (shapeshifter) (Elf:1)
  A queen bee (Spider:4)
  5 trolls
  2 spectral harpies (Crypt:3)
  21 meliai
  A green draconian skeleton (Crypt:2)
  A wind drake (shapeshifter) (Elf:2)
  A polar bear (Lair:3)
  22 merfolk
  A hornet (Depths:2)
  2 tyrant leeches (Lair:5)
  5 wind drakes
  A polar bear (shapeshifter) (Depths:2)
  A fire dragon zombie (Crypt:3)
  2 harpy skeletons
  33 tarantellas
  35 blink frogs
  An iron dragon simulacrum (Depths:3)
  A tarantella (shapeshifter) (Desolation)
  22 saltlings (Desolation)
  33 jumping spiders
  7 raiju (Abyss:3)
  2 air elementals (Elf:1)
  27 culicivoras
  An ettin skeleton (Vaults:4)
  2 guardian serpent skeletons
  3 dream sheep (Shoals:3)
  A spriggan (shapeshifter) (D:15)
  A jumping spider (shapeshifter) (D:13)
  5 flying skulls (Crypt:3)
  55 slime creatures
  7 snapping turtles
  8 shadows
  2 vampires
  A ynoxinul (Abyss:3)
  2 spriggans (Depths:2)
  3 nameless horrors
  3 wyverns
  13 water elementals
  A fire elemental (Elf:3)
  15 wraiths
  A golden eye (shapeshifter) (Lair:2)
  A neqoxec (Abyss:3)
  58 redbacks
  A steam dragon (shapeshifter) (D:9)
  4 basilisks
  63 yaks
  2 steam dragons (D:8)
  10 vampire mosquitoes
  2 wind drake skeletons (Crypt:1)
  An acid dragon (D:9)
  5 wargs
  A two-headed ogre skeleton (Crypt:3)
  A glowing shapeshifter skeleton (Depths:3)
  A great orb of eyes simulacrum (IceCv)
  8 water moccasins
  A fire bat skeleton (Crypt:3)
  2 black bears
  A sky beast (D:8)
  2 ice beasts
  16 orc warriors
  7 ogres
  16 wolves
  6 centaurs
  2 blink frog skeletons
  15 boggarts
  A slime creature simulacrum (IceCv)
  2 kobold brigands
  A salamander zombie (Crypt:3)
  18 bullfrogs
  A gnoll sergeant (D:12)
  7 scorpions
  5 earth elementals
  3 glowing shapeshifter simulacra (IceCv)
  4 small abominations (Abyss:3)
  15 killer bees
  A spriggan zombie (Crypt:1)
  3 electric eels
  3 howler monkeys
  A crimson imp (Abyss:3)
  A human simulacrum (Vaults:4)
  A quasit (Abyss:3)
  A hound (D:7)
  16 orc priests
  Natasha (D:2)
  3 iguanas
  An iguana (shapeshifter) (Elf:1)
  24 orc wizards
  2 shapeshifter simulacra (IceCv)
  A deep dwarf zombie (Crypt:3)
  A naga skeleton (Crypt:1)
  A mummy (D:4)
  13 gnolls
  A steam dragon zombie (Crypt:2)
  5 adders
  3 shadow imps (D:3)
  A white imp (D:5)
  2 worms
  43 orcs
  5 ball pythons
  A bat zombie (Crypt:2)
  4 endoplasms
  A giant cockroach (D:3)
  3 goblins
  5 hobgoblins
  4 jackals
  3 quokkas
  4 bats
  3 frilled lizards
  A goblin zombie (Crypt:1)
  12 kobolds
  4 rats
  A starspawn tentacle (Abyss:3)
  2 tentacles (Shoals:4)
1747 creatures vanquished.

Vanquished Creatures (collateral kills)
  Mara (Spider:3)
  2 golden dragons (Depths:2)
  A shard shrike skeleton (Abyss:3)
  A tentacled monstrosity (Depths:4)
  A walking crystal tome (Depths:4)
  A titan (Depths:2)
  An acid blob (Slime:5)
  An ancient champion (Crypt:2)
  2 tentacled starspawn (Abyss:3)
  2 tengu reavers (Depths:2)
  A shadow dragon (Zot:1)
  A revenant (Crypt:3)
  4 azure jellies
  2 rockslimes (Slime:5)
  A deep elf sorcerer (Elf:3)
  2 emperor scorpions (Spider:1)
  An orc warlord (Vaults:2)
  A formless jellyfish (Slime:4)
  3 quicksilver oozes
  3 ironbound preservers
  3 very ugly things
  A deep elf demonologist (Elf:3)
  A bunyip (shapeshifter) (Vaults:3)
  2 red draconians
  A dire elephant (Vaults:1)
  A yellow draconian (Zot:2)
  A black draconian (Zot:2)
  2 spark wasps (Depths:2)
  2 ettins
  2 crystal guardians (Desolation)
  A deep elf death mage (Elf:3)
  2 fire dragons
  2 ragged hierophants (Desolation)
  3 great orbs of eyes
  An ice dragon (Depths:1)
  A yaktaur captain (Vaults:4)
  A peacekeeper (Desolation)
  A hydra (Lair:5)
  A rakshasa (Depths:1)
  2 vault guards
  3 ironbound frosthearts
  A servant of whispers (Desolation)
  2 jorogumos
  A spriggan skeleton (Crypt:2)
  2 spriggan air magi (Depths:2)
  5 centaur warriors
  A two-headed ogre (D:11)
  2 merfolk aquamancers (Shoals:4)
  A radroach (Spider:4)
  A boulder beetle (Vaults:4)
  An orc high priest (Elf:2)
  2 deep troll shamans
  3 deep troll earth magi (Depths:2)
  10 dancing weapons
  A spriggan berserker (Depths:2)
  2 soul eaters
  3 hell knights
  A skyshark (Vaults:1)
  6 skeletal warriors
  2 shadow wraiths (Crypt:3)
  3 pharaoh ants
  A spatial maelstrom (Abyss:3)
  3 iron trolls (Depths:2)
  A storm dragon skeleton (Crypt:2)
  2 flayed ghosts
  2 sun moths
  A swamp dragon (shapeshifter) (D:14)
  A deep elf archer (Elf:1)
  An orb spider (Spider:3)
  Pikel (D:5)
  A lindwurm (shapeshifter) (D:14)
  7 deep trolls
  6 phantasmal warriors (Crypt:3)
  An ironbound convoker (Vaults:2)
  3 lindwurms
  An orc knight (Vaults:2)
  2 deep elf zephyrmancers (Elf:2)
  2 arcanists (Vaults:3)
  4 wolf spiders
  3 necromancers
  6 harpies
  3 deep elf pyromancers
  A steelbarb worm (Spider:2)
  6 ugly things
  A moth of wrath (Zot:5)
  4 vault sentinels
  2 nameless horrors
  A salamander (Depths:1)
  An eye of devastation (Slime:5)
  A black mamba (Lair:4)
  2 guardian serpents (Desolation)
  A molten gargoyle (Depths:1)
  A torpor snail (Spider:2)
  2 cane toads
  An efreet (D:14)
  A yaktaur (Vaults:4)
  3 freezing wraiths
  A tengu conjurer (Depths:2)
  A spectral naga (Crypt:3)
  A tarantella (Spider:3)
  2 hornets (Depths:2)
  2 raiju (Abyss:3)
  4 flying skulls (Crypt:3)
  2 spriggans (Depths:2)
  15 saltlings (Desolation)
  37 slime creatures
  A culicivora (Spider:4)
  A jumping spider (Spider:1)
  A water elemental (Depths:2)
  4 wraiths
  2 fire elementals
  A yak (D:8)
  2 fire bats (Depths:1)
  A redback (Spider:3)
  3 orc warriors
  A two-headed ogre skeleton (Crypt:3)
  A black bear (shapeshifter) (D:14)
  A phantom (D:7)
  3 lemures (D:5)
  A slime creature simulacrum (IceCv)
  An earth elemental (Elf:3)
  A bullfrog (D:7)
  A glowing shapeshifter simulacrum (Vaults:4)
  An orc priest (D:8)
  A jelly (D:7)
  A sleepcap (D:5)
  2 starcursed masses (Abyss:3)
  An iguana (D:4)
  Ijyb (D:5)
  3 gnolls (D:5)
  A worm (D:2)
  3 orcs
  A jackal (D:5)
  A starspawn tentacle (Abyss:3)
303 creatures vanquished.

Vanquished Creatures (others)
  2 liches (Depths:4)
  A ghost moth (Zot:1)
  A draconian annihilator (Zot:1)
  A vault guard (D:14)
  A hydra (D:15)
  A skeletal warrior (D:14)
  A necromancer (Crypt:1)
  Joseph (D:8)
  A black mamba (Lair:2)
  4 cane toads
  3 saltlings (Desolation)
  A slime creature (Slime:1)
  A culicivora (Spider:4)
  A vampire (D:11)
  A water moccasin (D:7)
  A giant cockroach (D:2)
  A quokka (D:2)
  A bat (D:2)
  47 snaplasher vines
  8 starspawn tentacles (Abyss:3)
  2 tentacles (Shoals:4)
81 creatures vanquished.

Grand Total: 2131 creatures vanquished

Notes
Turn   | Place    | Note
-------+----------+-------------------------------------------
     0 | D:1      | Sergey the Felid Chaos Knight began the quest for the Orb.
     0 | D:1      | Reached XP level 1. HP: 10/10 MP: 2/2
    81 | D:1      | XOM: divination: detect items
    99 | D:1      | Reached skill level 1 in Stealth
   366 | D:1      | XOM: torment (6/10 hp)
   411 | D:1      | Found a faded altar of an unknown god.
   538 | D:1      | XOM: summons 1 hostile demon
   539 | D:1      | Noticed a chaos spawn
   647 | D:1      | Reached XP level 2. HP: 14/14 MP: 3/3
   657 | D:1      | XOM: scenery: create altars
   749 | D:2      | Found a glowing golden altar of the Shining One.
   760 | D:2      | Learned a level 1 spell: Magic Dart
   854 | D:2      | You fall into a shaft and drop 2 floors!
   866 | D:4      | Noticed a scorpion
   866 | D:4      | Noticed a scorpion
   894 | D:3      | Found a transporter.
   910 | D:3      | Found a transporter.
  1028 | D:3      | XOM: polymorph endoplasm -> ball python
  1715 | D:2      | Noticed Natasha
  1744 | D:2      | Identified the staff of the Yoke {rElec rC+ rN+ rCorr Dex-4
                  | Ice} (Xom gifted it to you on level 2 of the Dungeon)
  1744 | D:2      | XOM: god gift: staff of the Yoke {rElec rC+ rN+ rCorr Dex-4
                  | Ice}
  1745 | D:2      | thanks
  1767 | D:2      | XOM: 1-stop teleportation journey
  1793 | D:2      | XOM: divination: magic mapping
  1987 | D:2      | Reached XP level 3. HP: 17/17 MP: 0/4
  2094 | D:2      | XOM is BORED!
  2094 | D:2      | XOM: stat loss: -1 Dex (16/17)
  2239 | D:3      | Found a burning altar of Makhleb.
  2297 | D:3      | XOM: scenery: 1 doors open
  2315 | D:2      | XOM: destruction
  2787 | D:4      | XOM: fog
  3049 | D:4      | XOM: noise
  3051 | D:4      | XOM: polymorph jelly -> iguana
  3058 | D:4      | XOM: confuse monster(s)
  3127 | D:4      | XOM: 1-stop teleportation journey
  3156 | D:4      | XOM: scenery: summon butterflies
  3260 | D:4      | XOM: enchant monster (bad)
  3293 | D:4      | XOM: cast spell 'Leda's Liquefaction'
  3296 | D:4      | XOM: noise
  3459 | D:4      | Reached skill level 1 in Evocations
  3459 | D:4      | Reached XP level 4. HP: 21/21 MP: 0/5
  3484 | D:4      | XOM: confuse monster(s)
  3490 | D:4      | XOM: blink monster(s)
  3512 | D:4      | XOM: cast spell 'Metabolic Englaciation'
  3586 | D:3      | XOM: divination: detect items
  3605 | D:3      | Learned a level 2 spell: Call Imp
  3614 | D:3      | Reached skill level 1 in Spellcasting
  3780 | D:3      | Reached skill level 1 in Summonings
  3786 | D:3      | XOM: butterfly on damage
  3911 | D:4      | XOM: give mutations
  3911 | D:4      | Gained mutation: You occasionally lose the ability to read
                  | scrolls when taking damage. [Xom's mischief]
  3911 | D:4      | Gained mutation: You have a pair of small horns on your
                  | head. [Xom's mischief]
  3911 | D:4      | Gained mutation: Potions are less effective at restoring
                  | your health. [Xom's mischief]
  3925 | D:5      | Entered Level 5 of the Dungeon
  3930 | D:5      | Found a stormy altar of Qazlal.
  3937 | D:5      | Noticed an ogre
  3955 | D:5      | Noticed an ogre
  3980 | D:5      | Noticed a lemure
  4028 | D:5      | Killed from afar by an orc priest
  4057 | D:5      | XOM: swap monsters
  4071 | D:5      | Reached XP level 5. HP: 22/24 MP: 2/7
  4121 | D:5      | XOM: potion effect (magic)
  4132 | D:5      | Killed an ogre
  4133 | D:5      | Reached skill level 1 in Conjurations
  4162 | D:5      | XOM: polymorph orc priest -> howler monkey
  4180 | D:5      | Reached skill level 5 in Stealth
  4180 | D:5      | Gained mutation: You are covered in thick fur. (AC +2)
                  | [Felid growth]
  4180 | D:5      | Reached XP level 6. HP: 21/28 MP: 2/8
  4251 | D:5      | Reached skill level 4 in Dodging
  4370 | D:5      | Reached skill level 5 in Dodging
  4381 | D:5      | XOM: 4-stop teleportation journey
  4455 | D:5      | Noticed Ijyb
  4465 | D:5      | XOM: summons 4 hostile demons
  4467 | D:5      | XOM: smoke on damage
  4700 | D:2      | Killed Natasha
  4719 | D:2      | Noticed Natasha
  4724 | D:2      | XOM: smoke on damage
  4890 | D:4      | XOM: stat loss: -1 Int (13/14)
  4980 | D:4      | Reached XP level 7. HP: 31/31 MP: 1/10
  5541 | D:5      | Killed Ijyb
  5621 | D:5      | Reached skill level 6 in Dodging
  5697 | D:5      | Noticed Pikel
  5873 | D:5      | Learned a level 3 spell: Mephitic Cloud
  5909 | D:5      | XOM: give mutations
  5909 | D:5      | Gained mutation: Your body sometimes deteriorates upon
                  | taking damage. [Xom's mischief]
  5909 | D:5      | Gained mutation: You occasionally lose the ability to drink
                  | potions when taking damage. [Xom's mischief]
  5923 | D:5      | XOM: give mutations
  5923 | D:5      | Gained mutation: Your body often deteriorates upon taking
                  | damage. [Xom's mischief]
  5923 | D:5      | Lost mutation: You occasionally lose the ability to drink
                  | potions when taking damage. [Xom's mischief]
  5923 | D:5      | Lost mutation: You have a pair of small horns on your head.
                  | [Xom's mischief]
  5924 | D:5      | XOM: confusion
  5969 | D:5      | Reached skill level 1 in Air Magic
  5969 | D:5      | Reached skill level 1 in Poison Magic
  5999 | D:5      | XOM: scenery: create altars
  6001 | D:5      | XOM: summons 7 friendly demons
  6024 | D:5      | Killed Pikel
  6025 | D:5      | Reached XP level 8. HP: 34/34 MP: 10/12
  6081 | D:5      | XOM: give mutations
  6081 | D:5      | Gained mutation: Your muscles are strong. (Str +4, Int/Dex
                  | -1) [Xom's grace]
  6081 | D:5      | Gained mutation: You are agile. (Dex +4, Str/Int -1) [Xom's
                  | grace]
  6383 | D:6      | Identified the +0 cloak "Matew" {rPois SInv}
  6397 | D:6      | XOM: god gift: potion of curing
  6435 | D:6      | XOM: scenery: 2 doors open
  6543 | D:6      | XOM: confuse monster(s)
  6575 | D:6      | Learned a level 2 spell: Poisonous Vapours
  6599 | D:6      | Found a staircase to the Ecumenical Temple.
  6660 | D:6      | XOM: 2-stop teleportation journey
  6753 | D:6      | Reached skill level 5 in Poison Magic
  6820 | D:6      | Noticed a boulder beetle
  6866 | D:6      | XOM: swap monsters
  6874 | D:6      | Killed a boulder beetle
  6875 | D:6      | Reached XP level 9. HP: 38/38 MP: 4/15
  6880 | D:6      | Learned a level 4 spell: Olgreb's Toxic Radiance
  7030 | D:6      | XOM: summons 4 hostile shadow creatures
  7094 | D:6      | XOM: give mutations
  7094 | D:6      | Gained mutation: Your system is resistant to poisons.
                  | (rPois) [Xom's mischief]
  7094 | D:6      | Lost mutation: You are agile. (Dex +4, Str/Int -1) [Xom's
                  | mischief]
  7094 | D:6      | Gained mutation: You are vulnerable to cold. (rC-) [Xom's
                  | mischief]
  7094 | D:6      | Lost mutation: You are vulnerable to cold. (rC-) [Xom's
                  | mischief]
  7285 | D:6      | XOM: summons 5 hostile demons
  7286 | D:6      | Noticed an ice devil
  7462 | D:7      | Found a glowing golden altar of the Shining One.
  7479 | D:7      | Found Zin's Purification Station.
  7484 | D:7      | Found a glowing silver altar of Zin.
  7599 | D:7      | XOM: summons 5 hostile demons
  7810 | D:7      | XOM: stat loss: -1 Dex (14/16)
  8025 | D:7      | XOM: give mutation
  8025 | D:7      | Gained mutation: You are partially covered in iridescent
                  | scales. (AC +2) [Xom's grace]
  8227 | D:7      | Found a sparkling altar of Nemelex Xobeh.
  8245 | D:7      | Noticed a white ugly thing
  8293 | D:7      | XOM: god gift: 713 gold pieces
  8345 | D:7      | XOM: divination: detect creatures
  8346 | D:7      | XOM: give mutations
  8346 | D:7      | Gained mutation: Your spells are a little harder to cast,
                  | but a little more powerful. [Xom's grace]
  8346 | D:7      | Gained mutation: You are agile. (Dex +4, Str/Int -1) [Xom's
                  | grace]
  8346 | D:7      | Gained mutation: You are very agile. (Dex +8, Str/Int -2)
                  | [Xom's grace]
  8366 | D:7      | XOM: confuse monster(s)
  8516 | D:7      | XOM: stat loss: -1 Dex (21/24)
  8680 | D:7      | Found a sparkling altar of Nemelex Xobeh.
  8722 | D:7      | XOM: noise
  8767 | D:7      | XOM: god gift: spear {god gift}
  8790 | D:7      | XOM: cast spell 'Monstrous Menagerie'
  8800 | D:7      | Killed a white ugly thing
  8801 | D:7      | Reached skill level 5 in Spellcasting
  8908 | D:7      | Found a glowing golden altar of the Shining One.
  8983 | D:7      | Found Zin's Purification Station.
  9044 | D:7      | Found a glowing silver altar of Zin.
  9385 | D:8      | Noticed Joseph
  9503 | D:8      | XOM: 3-stop teleportation journey
  9514 | D:8      | XOM: give mutations
  9514 | D:8      | Gained mutation: You are mostly covered in iridescent
                  | scales. (AC +4) [Xom's grace]
  9514 | D:8      | Gained mutation: You are somewhat resistant to further
                  | mutation. [Xom's grace]
  9514 | D:8      | Gained mutation: You are completely covered in iridescent
                  | scales. (AC +6) [Xom's grace]
  9514 | D:8      | Lost mutation: You are somewhat resistant to further
                  | mutation. [Xom's grace]
  9514 | D:8      | Gained mutation: You have hidden genetic potential. [Xom's
                  | grace]
  9516 | D:8      | Your ally Joseph died
  9540 | D:8      | Reached skill level 7 in Dodging
  9565 | D:8      | Reached skill level 8 in Dodging
  9572 | D:8      | Reached XP level 10. HP: 42/42 MP: 1/18
  9576 | D:8      | Reached skill level 9 in Dodging
  9812 | D:8      | Reached skill level 10 in Dodging
  9895 | D:8      | XOM: god gift: wand of mindburst (11)
  9921 | D:8      | Reached skill level 5 in Unarmed Combat
  9991 | D:8      | XOM: give mutations
  9991 | D:8      | Gained mutation: You occasionally lose the ability to drink
                  | potions when taking damage. [Xom's mischief]
  9991 | D:8      | Lost mutation: You occasionally lose the ability to drink
                  | potions when taking damage. [Xom's mischief]
 10266 | D:8      | Identified 2 scrolls of acquirement
 10266 | D:8      | Identified the "Jofoto" (You acquired it on level 8 of the
                  | Dungeon)
 10266 | D:8      | Acquired the Verses on the Smouldering Impact
 10267 | D:8      | Identified the of Pofruum (You acquired it on level 8 of
                  | the Dungeon)
 10267 | D:8      | Acquired the ring of Utem {rF+ Int+6 Dex+2 SInv}
 10274 | D:8      | Learned a level 3 spell: Ignite Poison
 10312 | D:8      | XOM: divination: magic mapping
 10319 | D:8      | Reached skill level 1 in Transmutations
 10322 | D:8      | Gained mutation: Your thick and shaggy fur keeps you warm.
                  | (AC +3, rC+) [hidden potential]
 10449 | D:8      | Reached skill level 1 in Fire Magic
 10514 | D:8      | XOM: cloud trail
 10528 | D:8      | Found a white marble altar of Elyvilon.
 10528 | D:8      | Found an ornate altar of the Wu Jian Council.
 10536 | D:8      | Found a faded altar of an unknown god.
 10633 | D:8      | Found an iron altar of Okawaru.
 10635 | D:8      | Found an opulent altar of Gozag.
 10916 | D:9      | Found a staircase to the Orcish Mines.
 10936 | D:9      | XOM: summons friendly crimson imp
 11197 | D:9      | XOM: god gift: 58 gold pieces
 11327 | D:9      | XOM: fog
 11600 | D:9      | Found a staircase to the Lair.
 11623 | D:9      | a troll changed into a glowing shapeshifter
 11623 | D:9      | Noticed a glowing shapeshifter (glowing shapeshifter)
 11623 | D:9      | XOM: polymorph troll -> glowing shapeshifter
 11623 | D:9      | a glowing shapeshifter changed into a skyshark
 11623 | D:9      | Noticed a skyshark (glowing shapeshifter)
 11624 | D:9      | a skyshark changed into a death drake
 11624 | D:9      | Noticed a death drake (glowing shapeshifter)
 11630 | D:9      | a death drake changed into a two-headed ogre
 11630 | D:9      | Noticed a two-headed ogre (glowing shapeshifter)
 11631 | D:9      | a two-headed ogre changed into a mana viper
 11631 | D:9      | Noticed a mana viper (glowing shapeshifter)
 11632 | D:9      | a mana viper changed into a guardian serpent
 11632 | D:9      | Noticed a guardian serpent (glowing shapeshifter)
 11633 | D:9      | a guardian serpent changed into a lindwurm
 11633 | D:9      | Noticed a lindwurm (glowing shapeshifter)
 11640 | D:9      | a lindwurm changed into a water nymph
 11640 | D:9      | Noticed a water nymph (glowing shapeshifter)
 11707 | D:9      | Noticed a death drake
 11708 | D:9      | XOM: 1-stop teleportation journey
 11823 | D:9      | XOM: summons 1 hostile demon
 11904 | D:9      | XOM: give mutations
 11904 | D:9      | Lost mutation: You have hidden genetic potential. [Xom's
                  | mischief]
 11904 | D:9      | Gained mutation: You are occasionally teleported next to
                  | monsters. [Xom's mischief]
 11904 | D:9      | Lost mutation: Your thick and shaggy fur keeps you warm.
                  | (AC +3, rC+) [Xom's mischief]
 12038 | D:9      | Noticed an elephant
 12111 | D:10     | Entered Level 10 of the Dungeon
 12433 | D:10     | Found the +5 woodcutter's axe
 12436 | D:10     | XOM: give mutations
 12436 | D:10     | Lost mutation: Your spells are a little harder to cast, but
                  | a little more powerful. [Xom's mischief]
 12436 | D:10     | Lost mutation: Potions are less effective at restoring your
                  | health. [Xom's mischief]
 12447 | D:10     | Found a radiant altar of Vehumet.
 12495 | D:10     | Reached skill level 5 in Conjurations
 12495 | D:10     | Reached XP level 11. HP: 46/46 MP: 21/21
 12681 | D:10     | XOM: stat loss: -1 Str (9/10)
 12943 | D:10     | Learned a level 5 spell: Iskenderun's Battlesphere
 12957 | D:11     | XOM: noise
 12966 | D:11     | Noticed a two-headed ogre
 12968 | D:11     | XOM: enchant monster (good)
 13189 | D:11     | XOM: silly message
 13260 | D:11     | XOM: give mutations
 13260 | D:11     | Lost mutation: Your system is resistant to poisons. (rPois)
                  | [Xom's mischief]
 13260 | D:11     | Lost mutation: Your body often deteriorates upon taking
                  | damage. [Xom's mischief]
 13345 | D:11     | Lost mutation: You occasionally lose the ability to read
                  | scrolls when taking damage. [potion of mutation]
 13345 | D:11     | Lost mutation: Your muscles are strong. (Str +4, Int/Dex
                  | -1) [potion of mutation]
 13345 | D:11     | Lost mutation: You are occasionally teleported next to
                  | monsters. [potion of mutation]
 13345 | D:11     | Gained mutation: You are robust. (+10% HP) [potion of
                  | mutation]
 13345 | D:11     | Gained mutation: Your flesh is cold resistant. (rC+)
                  | [potion of mutation]
 13541 | D:11     | XOM: summons 1 hostile demon
 13541 | D:11     | Noticed a boulder beetle
 13553 | D:11     | XOM: confuse monster(s)
 13554 | D:11     | XOM: 3-stop teleportation journey
 13575 | D:11     | Killed a boulder beetle
 13666 | D:11     | XOM: summons 3 friendly demons
 13670 | D:11     | Killed a two-headed ogre
 13865 | D:11     | XOM: give mutations
 13865 | D:11     | Gained mutation: You are very robust. (+20% HP) [Xom's
                  | grace]
 13865 | D:11     | Gained mutation: You are extremely robust. (+30% HP) [Xom's
                  | grace]
 14422 | D:11     | XOM: draining
 14468 | D:11     | Noticed a two-headed ogre
 14478 | D:11     | Killed a two-headed ogre
 15095 | Lair:1   | Entered Level 1 of the Lair of Beasts
 15289 | Lair:1   | XOM: give mutation
 15289 | Lair:1   | Lost mutation: You are completely covered in iridescent
                  | scales. (AC +6) [Xom's mischief]
 15871 | Lair:1   | XOM: summons 6 hostile demons
 15914 | Lair:1   | XOM: god gift: 3 boomerangs
 16025 | Lair:1   | XOM: divination: detect items
 16506 | Lair:2   | Noticed a four-headed hydra
 16509 | Lair:2   | Gained mutation: Your thick and shaggy fur keeps you warm.
                  | (AC +3, rC+) [Felid growth]
 16509 | Lair:2   | Reached XP level 12. HP: 63/63 MP: 13/25
 16514 | Lair:2   | Reached skill level 11 in Dodging
 16535 | Lair:2   | a four-headed hydra changed into a shapeshifter
 16535 | Lair:2   | XOM: polymorph four-headed hydra -> shapeshifter
 16589 | Lair:2   | XOM: give mutations
 16589 | Lair:2   | Gained mutation: You are completely covered in iridescent
                  | scales. (AC +6) [Xom's grace]
 16589 | Lair:2   | Gained mutation: Your flesh is heat resistant. (rF+) [Xom's
                  | grace]
 16589 | Lair:2   | Gained mutation: You possess an exceptional clarity of
                  | mind. [Xom's grace]
 16589 | Lair:2   | Gained mutation: You expend magic power (3 MP) to
                  | strengthen your wands. [Xom's grace]
 16729 | Lair:2   | XOM: 3-stop teleportation journey
 16747 | Lair:2   | Reached skill level 12 in Dodging
 16768 | Lair:2   | Reached skill level 5 in Fighting
 17055 | Lair:2   | XOM: god gift: staff of poison
 17153 | Lair:2   | XOM: 1-stop teleportation journey
 17193 | Lair:2   | XOM: cast spell 'Disjunction'
 17195 | Lair:2   | XOM: 3-stop teleportation journey
 17219 | Lair:2   | XOM: enchant monster (bad)
 17322 | Lair:2   | XOM: summons 3 hostile shadow creatures
 17426 | Lair:2   | XOM: 3-stop teleportation journey
 17743 | Lair:2   | XOM: give mutations
 17743 | Lair:2   | Lost mutation: You expend magic power (3 MP) to strengthen
                  | your wands. [Xom's mischief]
 17743 | Lair:2   | Lost mutation: You are very agile. (Dex +8, Str/Int -2)
                  | [Xom's mischief]
 18040 | Lair:3   | Found a hole to the Spider Nest.
 18058 | Lair:3   | XOM: enchant monster (good)
 18073 | Lair:3   | XOM: destruction
 18091 | Lair:3   | XOM: divination: magic mapping
 18202 | Lair:3   | XOM: noise
 18234 | Lair:3   | XOM: 4-stop teleportation journey
 18288 | Lair:3   | XOM: confuse monster(s)
 18775 | Lair:3   | XOM: cleaving
 18898 | Lair:3   | Found a staircase to the Shoals.
 18960 | Lair:3   | Acquired the ring "Fiuk Jur" {Will+ AC+4 Int-3 Slay+2}
 19006 | Lair:3   | XOM: 4-stop teleportation journey
 19008 | Lair:3   | XOM: polymorph polar bear -> salamander
 19013 | Lair:3   | XOM: 1-stop teleportation journey
 19089 | Lair:3   | XOM is BORED!
 19430 | Lair:3   | XOM is BORED!
 19500 | Lair:4   | Noticed an eight-headed hydra
 19504 | Lair:4   | XOM: noise
 19531 | Lair:4   | Killed an eight-headed hydra
 19532 | Lair:4   | Reached XP level 13. HP: 75/75 MP: 15/27
 19568 | Lair:4   | XOM: torment (39/75 hp)
 19689 | Lair:4   | XOM: divination: detect items
 19862 | Lair:4   | XOM: scenery: summon butterflies
 19924 | Lair:4   | XOM: give mutations
 19924 | Lair:4   | Lost mutation: Your flesh is cold resistant. (rC+) [Xom's
                  | mischief]
 19924 | Lair:4   | Lost mutation: You are completely covered in iridescent
                  | scales. (AC +6) [Xom's mischief]
 19978 | Lair:4   | Reached skill level 10 in Spellcasting
 20067 | Lair:4   | Found a staircase to the Slime Pits.
 20136 | Lair:4   | XOM: cast spell 'Summon Hydra'
 20577 | Lair:4   | XOM: god gift: wand of roots (5)
 20663 | Lair:4   | XOM: give mutations
 20663 | Lair:4   | Gained mutation: You have very sharp fingernails. [Xom's
                  | grace]
 20663 | Lair:4   | Gained mutation: A frigid envelope surrounds you and
                  | freezes all who hurt you. [Xom's grace]
 20910 | Lair:5   | Entered Level 5 of the Lair of Beasts
 21124 | Lair:4   | XOM: destruction
 21245 | Lair:5   | Reached skill level 13 in Dodging
 21359 | Lair:4   | XOM: swap monsters
 21377 | Lair:4   | XOM: give mutations
 21377 | Lair:4   | Gained mutation: You have hidden genetic potential. [Xom's
                  | grace]
 21377 | Lair:4   | Gained mutation: Your flesh is very heat resistant. (rF++)
                  | [Xom's grace]
 21377 | Lair:4   | Gained mutation: You are completely covered in iridescent
                  | scales. (AC +6) [Xom's grace]
 21377 | Lair:4   | Gained mutation: Your muscles are strong. (Str +4, Int/Dex
                  | -1) [Xom's grace]
 21392 | Lair:4   | XOM: give mutations
 21392 | Lair:4   | Gained mutation: Your flesh is almost immune to the effects
                  | of heat. (rF+++) [Xom's grace]
 21392 | Lair:4   | Gained mutation: You expend magic power (3 MP) to
                  | strengthen your wands. [Xom's grace]
 21392 | Lair:4   | Gained mutation: Your flesh is cold resistant. (rC+) [Xom's
                  | grace]
 21392 | Lair:4   | Gained mutation: You are strong-willed. (Will+) [Xom's
                  | grace]
 21508 | Lair:5   | XOM: enchant monster (good)
 21520 | Lair:5   | XOM: scenery: create altars
 21535 | Lair:5   | XOM: scenery: summon butterflies
 21566 | Lair:5   | Reached skill level 10 in Stealth
 21721 | Lair:5   | XOM: fog
 21727 | Lair:5   | Reached skill level 14 in Dodging
 21867 | Lair:5   | XOM: give mutation
 21867 | Lair:5   | Gained mutation: You are very agile. (Dex +8, Str/Int -2)
                  | [Xom's grace]
 21892 | Lair:5   | XOM: give mutation
 21892 | Lair:5   | Lost mutation: You are very agile. (Dex +8, Str/Int -2)
                  | [Xom's mischief]
 21952 | Lair:5   | XOM: scenery: summon butterflies
 22125 | Lair:5   | XOM: divination: detect creatures
 22145 | Lair:5   | Reached skill level 15 in Dodging
 22199 | Lair:5   | XOM: 3-stop teleportation journey
 22346 | Lair:5   | XOM: noise
 22354 | Lair:5   | XOM: potion effect (invisibility)
 22365 | Lair:5   | XOM: divination: magic mapping
 22375 | Lair:5   | Reached XP level 14. HP: 81/81 MP: 7/29
 22446 | Lair:5   | XOM: divination: detect items
 22449 | Lair:5   | Reached skill level 5 in Translocations
 22655 | Lair:5   | XOM: divination: detect items
 22659 | Lair:5   | Reached skill level 5 in Summonings
 22702 | Lair:5   | XOM: noise
 22830 | Lair:5   | Found a runed translucent gate.
 22831 | Lair:5   | Found a runed translucent gate.
 22832 | Lair:5   | Found a runed translucent gate.
 22833 | Lair:5   | Noticed night's ghost (journeyman DgHu)
 22897 | Lair:5   | XOM: divination: detect items
 23016 | Lair:5   | Identified the +0 falchion "Tajeyps" {flame, rC+ Str+2}
 23304 | Lair:5   | XOM: polymorph death yak -> minotaur
 23538 | Lair:5   | XOM: cloud trail
 23728 | Lair:5   | Learned a level 5 spell: Summon Forest
 23903 | D:12     | Noticed Josephine
 23906 | D:12     | XOM: smoke on damage
 23927 | D:11     | XOM: divination: detect items
 23939 | D:11     | XOM: silly message
 24134 | D:11     | XOM: cast spell 'Metabolic Englaciation'
 24674 | D:12     | XOM: fake destruction
 24811 | D:12     | XOM is BORED!
 24811 | D:12     | XOM: 1-stop teleportation journey
 24827 | D:12     | Killed Josephine
 24883 | D:12     | Identified the "Sarup" (You acquired it on level 12 of the
                  | Dungeon)
 25042 | D:12     | Found a runed translucent door.
 25214 | D:12     | XOM: summons 5 friendly demons
 25216 | D:12     | XOM: scenery: summon butterflies
 25591 | D:13     | XOM: enchant monster (bad)
 25617 | D:13     | XOM: silly message
 25618 | D:13     | XOM: give mutations
 25618 | D:13     | Lost mutation: A frigid envelope surrounds you and freezes
                  | all who hurt you. [Xom's mischief]
 25618 | D:13     | Lost mutation: Your muscles are strong. (Str +4, Int/Dex
                  | -1) [Xom's mischief]
 25618 | D:13     | Lost mutation: You are strong-willed. (Will+) [Xom's
                  | mischief]
 25618 | D:13     | Lost mutation: Your body sometimes deteriorates upon taking
                  | damage. [Xom's mischief]
 25911 | D:13     | XOM: noise
 26101 | D:13     | XOM: enchant monster (bad)
 26121 | D:13     | XOM: summons 3 hostile shadow creatures
 26258 | D:13     | XOM: divination: magic mapping
 26614 | D:14     | XOM: god gift: 8 stones
 26640 | D:14     | XOM: summons 1 hostile demon
 26652 | D:14     | XOM: chaos upgrade
 26662 | D:14     | Reached skill level 10 in Fighting
 26669 | D:14     | XOM: enchant monster (bad)
 26817 | D:14     | XOM: enchant monster (bad)
 26914 | D:14     | Found a hide-covered altar of Uskayaw.
 27008 | D:14     | Reached skill level 10 in Unarmed Combat
 27150 | D:14     | XOM: god gift: 24 gold pieces
 27164 | D:14     | XOM: give mutations
 27164 | D:14     | Gained mutation: Your system is resistant to poisons.
                  | (rPois) [Xom's grace]
 27164 | D:14     | Gained mutation: Your mind is acute. (Int +4, Str/Dex -1)
                  | [Xom's grace]
 27164 | D:14     | Gained mutation: You have a pair of small horns on your
                  | head. [Xom's grace]
 27268 | D:14     | Found a gate to the Vaults.
 27343 | D:14     | XOM: 1-stop teleportation journey
 27373 | D:14     | XOM: cleaving
 27432 | D:14     | Found a runed translucent door.
 27468 | D:14     | XOM: enchant monster (good)
 27580 | D:14     | Reached XP level 15. HP: 89/89 MP: 10/30
 27964 | D:14     | XOM: confuse monster(s)
 27965 | D:14     | XOM: noise
 28054 | D:14     | Noticed Xuruvid's ghost (journeyman GnWn)
 28166 | Orc:1    | Entered Level 1 of the Orcish Mines
 28583 | Orc:2    | Entered Level 2 of the Orcish Mines
 28634 | Orc:2    | Found a frozen archway.
 28644 | IceCv    | Entered an ice cave
 28673 | IceCv    | XOM: silly message
 28771 | IceCv    | XOM is BORED!
 28771 | IceCv    | XOM: give mutations
 28771 | IceCv    | Lost mutation: You have hidden genetic potential. [Xom's
                  | mischief]
 28771 | IceCv    | Lost mutation: Your system is resistant to poisons. (rPois)
                  | [Xom's mischief]
 28771 | IceCv    | Lost mutation: You have a pair of small horns on your head.
                  | [Xom's mischief]
 29046 | IceCv    | XOM: give mutations
 29046 | IceCv    | Lost mutation: You are completely covered in iridescent
                  | scales. (AC +6) [Xom's mischief]
 29046 | IceCv    | Lost mutation: Your mind is acute. (Int +4, Str/Dex -1)
                  | [Xom's mischief]
 29046 | IceCv    | Lost mutation: You are extremely robust. (+30% HP) [Xom's
                  | mischief]
 29258 | Orc:2    | Found Jebeh's Magic Scroll Boutique.
 29431 | Orc:2    | Found a staircase to the Elven Halls.
 29432 | Orc:2    | Bought a scroll of fear for 48 gold pieces
 29432 | Orc:2    | Bought a scroll of teleportation for 36 gold pieces
 29432 | Orc:2    | Bought a scroll of amnesia for 48 gold pieces
 29432 | Orc:2    | Bought a scroll of identify for 24 gold pieces
 29432 | Orc:2    | Bought a scroll of identify for 24 gold pieces
 29596 | Orc:2    | XOM: give mutation
 29596 | Orc:2    | Gained mutation: You are weak. (Str -2) [Xom's mischief]
 29642 | Orc:2    | Found Ugruuliu's Jewellery Emporium.
 29645 | Orc:2    | XOM: summons 3 hostile demons
 29646 | Orc:2    | XOM: swap monsters
 29650 | Orc:2    | HP: 1/82 [orc warrior/+4 halberd (18)]
 29650 | Orc:2    | Shot with an arrow by an orc warrior
 29712 | Orc:2    | XOM: enchant monster (good)
 30008 | Orc:2    | XOM: give mutations
 30008 | Orc:2    | Gained mutation: You passively map a small area around you.
                  | [Xom's grace]
 30008 | Orc:2    | Gained mutation: You are partially covered in large bone
                  | plates. (SH +4) [Xom's grace]
 30008 | Orc:2    | Gained mutation: Your system is resistant to poisons.
                  | (rPois) [Xom's grace]
 30147 | Orc:2    | XOM: scenery: create altars
 30266 | Orc:2    | Found Gihonitu's Weapon Emporium.
 30267 | Orc:2    | Found Omuuruem's Antique Weapon Shop.
 30293 | Orc:2    | XOM: draining
 30346 | Orc:2    | XOM: scenery: summon butterflies
 30355 | Orc:2    | Found Vyos Gog's General Store.
 30359 | Orc:2    | Bought a scroll of teleportation for 48 gold pieces
 30359 | Orc:2    | Bought a scroll of revelation for 120 gold pieces
 30359 | Orc:2    | Bought a scroll of poison for 64 gold pieces
 30541 | D:15     | Entered Level 15 of the Dungeon
 30613 | D:15     | XOM: summons 2 friendly demons
 30643 | D:15     | XOM: give mutations
 30643 | D:15     | Gained mutation: You have claws for hands. [Xom's grace]
 30643 | D:15     | Gained mutation: Your natural rate of healing is unusually
                  | fast. [Xom's grace]
 30643 | D:15     | Gained mutation: You are very agile. (Dex +8, Str/Int -2)
                  | [Xom's grace]
 30643 | D:15     | Gained mutation: You are completely covered in iridescent
                  | scales. (AC +6) [Xom's grace]
 30729 | D:15     | Noticed Jorgrun
 30882 | D:15     | XOM: potion effect (brilliance)
 30883 | D:15     | XOM: enchant monster (good)
 30898 | D:15     | Killed Jorgrun
 30926 | D:15     | XOM: god gift: 3 scrolls of amnesia
 30974 | D:15     | XOM: potion effect (brilliance)
 30993 | D:15     | Reached skill level 16 in Dodging
 31063 | D:15     | XOM: fog
 31256 | D:15     | XOM: blink monster(s)
 31436 | D:15     | Reached skill level 17 in Dodging
 31670 | D:15     | XOM: smoke on damage
 31674 | D:15     | XOM: silly message
 31741 | D:15     | Found a staircase to the Depths.
 31746 | D:15     | XOM: silly message
 31770 | D:15     | XOM: blink monster(s)
 31831 | D:15     | XOM: noise
 32227 | Spider:1 | Entered Level 1 of the Spider Nest
 32317 | Spider:1 | Noticed an emperor scorpion
 32321 | Spider:1 | Killed an emperor scorpion
 32408 | Spider:1 | Noticed Donald
 32429 | Spider:1 | XOM: stat loss: -1 Dex (30/31)
 32432 | Spider:1 | Donald changed into Donald the sphinx
 32432 | Spider:1 | Noticed Donald
 32440 | Spider:1 | Killed Donald the sphinx
 32441 | Spider:1 | Reached skill level 18 in Dodging
 32556 | Spider:1 | XOM: polymorph wolf spider -> anaconda
 32572 | Spider:1 | XOM: 1-stop teleportation journey
 32575 | Spider:1 | XOM: 1-stop teleportation journey
 32670 | Spider:1 | XOM: scenery: summon butterflies
 32684 | Spider:1 | Reached skill level 5 in Evocations
 32841 | Spider:1 | You fall into a shaft and drop 1 floor!
 32841 | Spider:2 | XOM: summons friendly iron imp
 32926 | Spider:1 | XOM: summons 1 hostile demon
 33049 | Spider:1 | XOM: give mutations
 33049 | Spider:1 | Lost mutation: You possess an exceptional clarity of mind.
                  | [Xom's mischief]
 33049 | Spider:1 | Lost mutation: You expend magic power (3 MP) to strengthen
                  | your wands. [Xom's mischief]
 33049 | Spider:1 | Lost mutation: You are completely covered in iridescent
                  | scales. (AC +6) [Xom's mischief]
 33134 | Spider:1 | XOM: 1-stop teleportation journey
 33152 | Spider:1 | Reached XP level 16. HP: 87/87 MP: 14/33
 33991 | Spider:1 | XOM: summons 2 hostile shadow creatures
 34177 | Spider:2 | XOM: swap monsters
 34203 | Spider:1 | XOM: draining
 34252 | Spider:1 | XOM: draining
 34501 | Spider:2 | XOM: summons 9 hostile demons
 34871 | Spider:2 | Reached skill level 19 in Dodging
 34927 | Spider:2 | Found a runed translucent gate.
 34928 | Spider:2 | Found a runed translucent gate.
 34928 | Spider:2 | Found a runed translucent gate.
 35023 | Spider:1 | XOM: summons 5 hostile demons
 35163 | Spider:2 | XOM: repel stairs
 35289 | Spider:2 | XOM: silly message
 35450 | Spider:2 | XOM: confuse monster(s)
 35456 | Spider:2 | XOM: enchant monster (good)
 35565 | Spider:1 | XOM: confuse monster(s)
 35580 | Spider:1 | XOM: enchant monster (bad)
 35587 | Spider:1 | XOM: silly message
 35670 | Spider:2 | Noticed Banec's ghost (adept VSFi)
 36124 | Spider:3 | Noticed Mara
 36142 | Spider:3 | XOM: repel stairs
 36149 | Spider:3 | Killed Mara
 36150 | Spider:3 | Reached skill level 20 in Dodging
 36165 | Spider:3 | XOM: confuse monster(s)
 36333 | Spider:2 | XOM: polymorph orb spider -> two-headed ogre
 36334 | Spider:2 | XOM: swap monsters
 36337 | Spider:2 | XOM: chaos cloud
 36503 | Spider:3 | Noticed Arachne
 36512 | Spider:3 | XOM: enchant monster (bad)
 36522 | Spider:3 | XOM: destruction
 36534 | Spider:3 | XOM: god gift: 34 gold pieces
 36544 | Spider:3 | Killed Arachne
 36624 | Spider:2 | XOM: god gift: shortbow {god gift}
 36644 | Spider:3 | Found a runed translucent gate.
 36647 | Spider:3 | Found a runed translucent gate.
 36648 | Spider:3 | Found a runed translucent gate.
 36687 | Spider:3 | XOM: confuse monster(s)
 36847 | Spider:3 | XOM: cleaving
 36849 | Spider:3 | Noticed Rimnyil's ghost (adept DsBe)
 36850 | Spider:3 | Reached skill level 21 in Dodging
 37122 | Spider:3 | XOM: 2-stop teleportation journey
 37822 | Spider:3 | XOM: god gift: 3 darts of dispersal
 38115 | Spider:3 | XOM: give mutations
 38115 | Spider:3 | Gained mutation: Your mind is acute. (Int +4, Str/Dex -1)
                  | [Xom's grace]
 38115 | Spider:3 | Gained mutation: You expend magic power (3 MP) to
                  | strengthen your wands. [Xom's grace]
 38350 | D:7      | Fell from the grace of Xom
 38350 | D:7      | Became a worshipper of Zin the Law-Giver
 38350 | D:7      | Reached * piety under Zin
 38350 | D:7      | Reached ** piety under Zin
 38351 | D:7      | Donated 1380 gold pieces to Zin
 38352 | D:7      | Donated 690 gold pieces to Zin
 38353 | D:7      | Donated 345 gold pieces to Zin
 38354 | D:7      | Donated 173 gold pieces to Zin
 38355 | D:7      | Donated 86 gold pieces to Zin
 38356 | D:7      | Donated 43 gold pieces to Zin
 38374 | D:9      | Reached *** piety under Zin
 38491 | Spider:1 | Reached **** piety under Zin
 38589 | Spider:4 | Entered Level 4 of the Spider Nest
 38643 | Spider:3 | Reached ***** piety under Zin
 39051 | Spider:4 | Reached XP level 17. HP: 94/94 MP: 7/34
 39105 | Spider:4 | Was placed under penance by Zin
 39221 | Spider:3 | XOM: summons 13 hostile demons
 39533 | Spider:4 | XOM: blink monster(s)
 40515 | Shoals:1 | Entered Level 1 of the Shoals
 41280 | Shoals:1 | Was forgiven by Zin
 41481 | Shoals:2 | Donated 52 gold pieces to Zin
 41578 | Shoals:2 | Noticed Ilsuiw
 41592 | Shoals:2 | Killed Ilsuiw
 41850 | Shoals:2 | Found a transporter.
 41850 | Shoals:2 | Found a transporter.
 41915 | Shoals:2 | Acquired 1319 gold pieces
 41916 | Shoals:2 | Reached ****** piety under Zin
 41917 | Shoals:2 | Donated 673 gold pieces to Zin
 41918 | Shoals:2 | Donated 337 gold pieces to Zin
 42584 | Shoals:3 | Reached skill level 1 in Invocations
 42846 | Shoals:3 | Found Torph's Antique Armour Shoppe.
 43699 | Shoals:4 | Identified the "Koxe"
 43699 | Shoals:4 | Identified the "Muadgh"
 43699 | Shoals:4 | Entered Level 4 of the Shoals
 43731 | Shoals:4 | Reached skill level 10 in Summonings
 44357 | Shoals:4 | XOM: give mutations
 45587 | Shoals:4 | Reached skill level 5 in Invocations
 45956 | Shoals:4 | Reached XP level 18. HP: 83/104 MP: 5/35
 46332 | Shoals:4 | Identified the amulet of Hard Scrabble {RegenMP Will+
                  | Int+5}
 46629 | Shoals:4 | Got a barnacled rune of Zot
 47268 | D:14     | Killed Xuruvid's ghost
 48309 | Spider:4 | Reached skill level 15 in Fighting
 48573 | Spider:4 | Got a gossamer rune of Zot
 48876 | Desolati | Identified the "Goygg"
 48876 | Desolati | Identified the of Xymoedorch
 48876 | Vaults:5 | Identified the of Quobb
 48876 | Vaults:5 | Identified the "Jilugg"
 48876 | Vaults:5 | Identified the "Titerola"
 48876 | Vaults:5 | Identified the "Emiuxt"
 48876 | Depths:2 | Identified the "Lallale"
 48876 | Depths:4 | Identified the "Ciatuplapp"
 48876 | Elf:1    | Entered Level 1 of the Elven Halls
 49038 | Elf:1    | Paralysed by an air elemental for 1 turns
 49123 | Elf:1    | Reached skill level 1 in Earth Magic
 49239 | Elf:1    | Learned a level 6 spell: Bombard
 50034 | Elf:1    | XOM: torment (54/106 hp)
 50099 | Elf:1    | Found Calaak's Distillery.
 50108 | Elf:1    | Bought a potion of heal wounds for 65 gold pieces
 50108 | Elf:1    | Bought a potion of mutation for 104 gold pieces
 50108 | Elf:1    | Bought a potion of haste for 130 gold pieces
 50108 | Elf:1    | Bought a potion of mutation for 104 gold pieces
 50108 | Elf:1    | Bought a potion of enlightenment for 65 gold pieces
 50269 | Elf:1    | XOM: scenery: 1 doors close
 50332 | WizLab   | Identified the of Gejocedi
 50483 | Elf:2    | Found a magical portal.
 50528 | WizLab   | Entered The Chambers of the Cloud Mage
 50750 | Elf:2    | Reached skill level 10 in Conjurations
 50929 | Elf:2    | Found a runed translucent gate.
 50929 | Elf:2    | Found a runed translucent gate.
 50930 | Elf:2    | Found a runed translucent gate.
 51090 | Elf:2    | XOM: noise
 51172 | Elf:3    | Identified the "Newu Nidd"
 51172 | Elf:3    | Identified the "Xeawnuos"
 51172 | Elf:3    | Identified the "Atontaho"
 51172 | Elf:3    | Identified the of Dofilop
 51172 | Elf:3    | Entered Level 3 of the Elven Halls
 51279 | Elf:3    | XOM: enchant monster (bad)
 51281 | Elf:3    | Reached XP level 19. HP: 111/111 MP: 25/36
 51351 | Elf:3    | XOM: 1-stop teleportation journey
 51365 | Elf:3    | Identified the amulet "Yklumoo" {RegenMP Fragile rPois
                  | Str-5 Dex+8}
 52255 | Elf:3    | Identified the +5 hand axe "Ryfaschakat" {flame, Fly}
 52262 | Elf:3    | Identified the amulet "Zidwozxu" {Faith Int+2 Slay+2}
 52418 | Elf:3    | Identified the +1 scale mail of Qodwoll {rN+ Str+3}
 52511 | Elf:3    | Reached skill level 10 in Invocations
 52905 | Elf:3    | Reached skill level 5 in Earth Magic
 53015 | Elf:3    | Identified the +7 dagger of Ziny {freeze, rPois Int+3}
 53133 | Elf:3    | Learned a level 2 spell: Blink
 53201 | Elf:3    | XOM: stat loss: -3 Int (23/26)
 53306 | Elf:3    | XOM: give mutations
 53397 | Elf:1    | Noticed a Tzitzimitl
 53551 | Vaults:1 | Entered Level 1 of the Vaults
 53780 | Vaults:1 | Found a crumbling gateway.
 53809 | Vaults:1 | XOM: blink monster(s)
 53820 | Desolati | Entered the Desolation of Salt
 53822 | Desolati | XOM: polymorph guardian serpent -> shapeshifter
 53940 | Desolati | Identified the amulet "Zuutuwuk" {Reflect rN+ SH+5}
 53948 | Desolati | Identified the amulet of Freedom {Spirit Contam +Inv Dex+2
                  | Stlth+}
 54415 | Desolati | Identified the ring of Xejeirer {rElec rN++ Will+++ MP+9
                  | Slay-2}
 54419 | Desolati | Identified the ring of Juzua {rF+ rCorr MP+9 Int+4 Dex+3}
 54423 | Desolati | Identified the ring of Vaaheps {Str+2 Int+6}
 54470 | Desolati | Identified the amulet of Gishuk {Faith Will+ SInv}
 54604 | Desolati | XOM: noise
 54660 | Desolati | Found the +4 robe of Folly {Brill Will-∞ Int+8}
 54676 | Desolati | XOM: summons 3 hostile demons
 54725 | Desolati | Lost mutation: Your mind is acute. (Int +4, Str/Dex -1)
                  | [potion of mutation]
 54725 | Desolati | Lost mutation: You expend magic power (3 MP) to strengthen
                  | your wands. [potion of mutation]
 54725 | Desolati | Lost mutation: Your flesh is cold resistant. (rC+) [potion
                  | of mutation]
 54950 | Vaults:1 | Noticed Norris
 55239 | Vaults:1 | Reached XP level 20. HP: 111/115 MP: 35/37
 55290 | Vaults:1 | XOM: give mutations
 55749 | Vaults:1 | Found the +8 demon trident "Rift" {distort, reach+}
 55750 | Vaults:1 | Noticed an ancient lich
 55793 | Vaults:1 | Killed an ancient lich
 56041 | Vaults:1 | Killed Norris
 56245 | Vaults:1 | XOM: give mutations
 56499 | Vaults:1 | Learned a level 7 spell: Spellforged Servitor
 56837 | Vaults:2 | XOM: give mutations
 56964 | Vaults:2 | XOM: give mutations
 57185 | Vaults:2 | XOM: chaos upgrade
 57474 | Vaults:2 | XOM: confusion
 57743 | Vaults:2 | Found a staircase to the Crypt.
 57743 | Vaults:2 | Found an ancient bone altar of Kikubaaqudgha.
 57743 | Vaults:2 | Found a basalt altar of Yredelemnul.
 58293 | Vaults:2 | Found a transporter.
 58317 | Vaults:2 | Found a transporter.
 58886 | Vaults:3 | XOM: scenery: 2 doors open, 1 doors close
 58886 | Vaults:3 | Was forgiven by Xom
 59215 | Vaults:3 | Reached XP level 21. HP: 101/120 MP: 37/39
 61633 | Vaults:4 | Noticed Boris
 61639 | Vaults:4 | Killed Boris
 62109 | Depths:1 | Entered Level 1 of the Depths
 62423 | Depths:1 | Found a blossoming altar of Fedhas.
 62655 | Depths:1 | Found a shimmering blue altar of Sif Muna.
 63040 | Depths:2 | Noticed the Enchantress
 63052 | Depths:2 | Killed the Enchantress
 63629 | Depths:2 | Found a one-way gateway to a ziggurat.
 63806 | Depths:2 | Found a gateway to Hell.
 64102 | Depths:2 | Reached XP level 22. HP: 126/126 MP: 41/41
 64516 | Depths:2 | Found a one-way gate leading to the halls of Pandemonium.
 64721 | Depths:2 | Noticed a juggernaut
 64732 | Depths:2 | Killed a juggernaut
 64859 | Depths:2 | Reached skill level 22 in Dodging
 64859 | Depths:2 | Reached skill level 15 in Summonings
 64951 | Depths:2 | Learned a level 1 spell: Apportation
 64956 | Depths:2 | Learned a level 4 spell: Vhi's Electric Charge
 64991 | Depths:2 | Noticed a golden dragon
 65002 | Depths:2 | Killed a golden dragon
 65044 | Depths:2 | Reached skill level 15 in Spellcasting
 65256 | Depths:2 | Noticed a golden dragon
 65260 | Depths:2 | Killed a golden dragon
 65544 | Depths:3 | Reached skill level 15 in Stealth
 65720 | Depths:3 | Found a one-way gate to the infinite horrors of the Abyss.
 65895 | Depths:3 | Found Lanuypp's Jewellery Boutique.
 65895 | Depths:3 | Found Tanexzaicu's Book Shoppe.
 65896 | Depths:3 | Found Qifeehao's Jewellery Boutique.
 65910 | Depths:3 | Bought the ring "Teacual" {rElec rN+ Dex+6 Slay+5} for 1579
                  | gold pieces
 65921 | Depths:3 | Bought a book of the Warp for 672 gold pieces
 65928 | Depths:3 | Learned a level 6 spell: Dispersal
 66200 | Depths:3 | Found a shadowy altar of Dithmenos.
 66568 | Depths:4 | Entered Level 4 of the Depths
 66570 | Depths:4 | Found Senuzeup's Distillery.
 66645 | Depths:4 | Bought 2 potions of cancellation for 240 gold pieces
 66655 | Depths:4 | Found Seeheyg's Jewellery Shop.
 67068 | Depths:4 | Found a gate to the Realm of Zot.
 67316 | Depths:4 | Noticed Boris
 67493 | Depths:4 | Killed Boris
 67594 | Depths:4 | Reached skill level 23 in Dodging
 67599 | Depths:4 | Reached skill level 10 in Translocations
 67634 | Depths:4 | Reached skill level 10 in Evocations
 68135 | Depths:3 | Voluntarily entered the Abyss.
 68135 | Abyss:1  | Found a corrupted altar of Lugonu.
 68161 | Depths:3 | Escaped the Abyss
 68163 | Depths:3 | Voluntarily entered the Abyss.
 68267 | Abyss:3  | Found a corrupted altar of Lugonu.
 68407 | Abyss:3  | Found a corrupted altar of Lugonu.
 68657 | Abyss:3  | Found a corrupted altar of Lugonu.
 68683 | Abyss:3  | Found a corrupted altar of Lugonu.
 68683 | Abyss:3  | Found a corrupted altar of Lugonu.
 68736 | Abyss:3  | Reached XP level 23. HP: 126/129 MP: 43/43
 68849 | Abyss:3  | Got an abyssal rune of Zot
 68857 | Depths:3 | Escaped the Abyss
 69086 | Crypt:1  | Entered Level 1 of the Crypt
 69689 | Crypt:1  | Noticed Margery
 69708 | Crypt:1  | Killed Margery
 70271 | Crypt:2  | Found a huge runed gate.
 70271 | Crypt:2  | Found a huge runed gate.
 70271 | Crypt:2  | Found a huge runed gate.
 70272 | Crypt:2  | Found a huge runed gate.
 70273 | Crypt:2  | Found a huge runed gate.
 70273 | Crypt:2  | Found a huge runed gate.
 70273 | Crypt:2  | Found a huge runed gate.
 70273 | Crypt:2  | Found a huge runed gate.
 70273 | Crypt:2  | Found a huge runed gate.
 70274 | Crypt:2  | Found a huge runed gate.
 70276 | Crypt:2  | Found a huge runed gate.
 70277 | Crypt:2  | Found a huge runed gate.
 70278 | Crypt:2  | Found a huge runed gate.
 70279 | Crypt:2  | Found a huge runed gate.
 70280 | Crypt:2  | Found a huge runed gate.
 70297 | Crypt:2  | Found a huge runed gate.
 70455 | Crypt:2  | Found a huge runed gate.
 70455 | Crypt:2  | Found a huge runed gate.
 70460 | Crypt:2  | Found a huge runed gate.
 70461 | Crypt:2  | Found a huge runed gate.
 70693 | Crypt:2  | Found a huge runed gate.
 70693 | Crypt:2  | Found a huge runed gate.
 70693 | Crypt:2  | Found a huge runed gate.
 70695 | Crypt:2  | Found a huge runed gate.
 70695 | Crypt:2  | Found a huge runed gate.
 70770 | Crypt:2  | Found a huge runed gate.
 70770 | Crypt:2  | Found a huge runed gate.
 70770 | Crypt:2  | Found a huge runed gate.
 70770 | Crypt:2  | Found a huge runed gate.
 70770 | Crypt:2  | Found a huge runed gate.
 70771 | Crypt:2  | Found a huge runed gate.
 70772 | Crypt:2  | Found a huge runed gate.
 70773 | Crypt:2  | Found a huge runed gate.
 70774 | Crypt:2  | Found a huge runed gate.
 71174 | Crypt:2  | Found a huge runed gate.
 71174 | Crypt:2  | Found a huge runed gate.
 71204 | Crypt:3  | Entered Level 3 of the Crypt
 71392 | Crypt:3  | Reached skill level 24 in Dodging
 71474 | Crypt:3  | Found a staircase to the Tomb.
 71879 | Crypt:3  | Reached skill level 15 in Invocations
 72508 | Crypt:3  | Found an ancient bone altar of Kikubaaqudgha.
 72966 | Crypt:3  | Reached skill level 25 in Dodging
 73680 | Zot:4    | Identified the of Coumecut
 73680 | Slime:1  | Entered Level 1 of the Pits of Slime
 73875 | Slime:4  | Reached XP level 24. HP: 134/134 MP: 33/43
 73878 | Slime:4  | Reached skill level 26 in Dodging
 73918 | Slime:5  | Identified the of Wouj
 73918 | Slime:5  | Identified the of Tirghag
 73918 | Slime:5  | Identified the of Siduis
 73918 | Slime:5  | Entered Level 5 of the Pits of Slime
 74832 | Slime:5  | Noticed the Royal Jelly
 74911 | Slime:5  | Killed the Royal Jelly
 74912 | Slime:5  | Reached skill level 27 in Dodging
 74930 | Slime:5  | Got a slimy rune of Zot
 75695 | Zot:1    | Entered Level 1 of the Realm of Zot
 75705 | Zot:1    | Learned a level 8 spell: Disjunction
 75750 | Zot:1    | Noticed an orb of fire
 75871 | Zot:1    | Noticed an orb of fire
 75887 | Zot:1    | Killed an orb of fire
 75888 | Zot:1    | Reached skill level 15 in Translocations
 76380 | Zot:5    | Entered Level 5 of the Realm of Zot
 76670 | Zot:5    | Noticed an orb of fire
 76671 | Zot:5    | Noticed a Killer Klown
 76671 | Zot:5    | Noticed a Killer Klown
 76673 | Zot:5    | Noticed an orb of fire
 76673 | Zot:5    | Noticed a dread lich
 76676 | Zot:5    | Noticed a Killer Klown
 76687 | Zot:5    | Noticed a Killer Klown
 76708 | Zot:5    | Got the Orb of Zot
 76716 | Zot:5    | Noticed a Killer Klown
 76727 | Zot:5    | Noticed an orb of fire
 76731 | Zot:5    | Noticed a Killer Klown
 76827 | Zot:1    | Paralysed by a Zot trap for 5 turns
 76831 | Zot:1    | Zin protects you from harm!
 76831 | Zot:1    | HP: 4/134 [Executioner (16)]
 76831 | Zot:1    | Zin protects you from harm!
 76831 | Zot:1    | Zin protects you from harm!
 76831 | Zot:1    | Mangled by a tentacled monstrosity
 76871 | Zot:1    | Noticed Jirabuem the pandemonium lord
 77096 | D:11     | Noticed Goybuoza the pandemonium lord
 77284 | D:$      | Escaped with the Orb!

Illustrated notes

.............
.####.........#.# .
....#...........# . #
................# .###.
........>.......
....................#.
....#.#.............#
#.!..####..........# #..#
##......@..#
##..########..####.......
#.........###.######.....
..#.......# #....# #####
###.......######.#####
#.......##.........#
###.......##.........#
.....................#
###.......##.........#


Turn 1745 on D:2: thanks

Levels and vault maps discovered:
D:1:      lightli_arrival_boilingwater, layout_rooms,
          ebering_ecumenical_altar_abandoned
D:2:      layout_rooms, basic_altar, uniq_natasha
D:3:      gammafunk_wand_slinger, layout_loops_corners, lightli_temple_of_fire
D:4:      layout_basic, gup_ossuary_entry_pyramid
D:5:      layout_basic, grunt_qazlal_clouds, kennysheep_crisscross, uniq_pikel,
          uniq_ijyb
D:6:      layout_gridville, temple_hall, chequers_serial_rivers_large_a,
          hangedman_abyss_or_decor_stabs, kb_rosetta
D:7:      layout_rooms, nemelex_dance_club_becter, zin_purify, tso_metal_star,
          nrook_pool_corridor, minmay_holes, minmay_manual_mail
D:8:      layout_rooms, chequers_temple_overflow_minitemple, uniq_joseph
D:9:      layout_stronghold, lair_entry_dummy, orc_0_dummy, nicolae_titane
D:10:     layout_irregular_city, mainiacjoe_overflow_cross_hatched
D:11:     layout_loops_cross, kennysheep_generic_room_11
D:12:     gammafunk_mikee_crab_dinner, layout_gridville, uniq_josephine
D:13:     layout_long_grid
D:14:     layout_long_grid, lightli_vaults_fourway_checkpoint,
          ebering_ghost_reflecting_pool, nicolae_uskayaw_dance_hall,
          hangedman_decor_points
D:15:     hangedman_depths_entry_civil_slaughter, layout_cave_pools,
          minivault_4, serial_co_window_serial, co_window_of_opportunity_a,
          co_window_cross_1, co_window_of_opportunity_a, co_window_paths_a,
          co_window_paths_a, co_window_of_opportunity_a, co_window_corner_a,
          co_window_corner_a, co_window_of_opportunity_a, co_window_paths_c,
          co_window_of_opportunity_b, co_window_broadway_a, glass_columns_a,
          glass_columns_c, glass_columns_a, glass_columns_a, glass_columns_a,
          uniq_jorgrun
Lair:1:   layout_gridlike
Lair:2:   layout_chaotic_city, wad_woods_road_03, beast_lair_carwin_6,
          infiniplex_staircase_pool_2, grunt_megastairs_3, serial_bayou_shore_a,
          lemuel_fruit_fields
Lair:3:   layout_regular_city, shoals_dummy_entry,
          nicolae_spider_entry_lesser_pyramids
Lair:4:   layout_layer_cave, slime_entry_1
Lair:5:   minmay_lair_end_frog_pond, layout_regular_city, gammafunk_ghost_split,
          nicolae_lair_lindhole
Shoals:1: layout_shoals, argonaut_gorgonesque
Shoals:2: gammafunk_sealed_arena, layout_shoals, uniq_ilsuiw
Shoals:3: layout_shoals, serial_shops, nicolae_shop_back_alley_shop,
          nicolae_shoals_land_atoll
Shoals:4: shoals_end_grunt_ice, layout_shoals, shoals_ilsuiw_alternative
Spider:1: layout_spider_delve, uniq_donald
Spider:2: layout_spider_delve, gammafunk_ghost_necromancy
Spider:3: layout_chambers, gammafunk_ghost_split, uniq_arachne, uniq_mara
Spider:4: hellmonk_spider_rune_endless_swarm, nicolae_looking_at_the_future
Slime:1:  layout_caves
Slime:2:  layout_caves
Slime:3:  cheibrodos_slime_lost_civilization_2, layout_caves
Slime:4:  layout_caves
Slime:5:  slime_pit_nicolae_royal_road_to_ruin
Orc:1:    layout_caves
Orc:2:    st_orc_elflike, layout_caves, basic_altar, portal_ice_cave_rime,
          serial_shops, shop_fountains, mines1_david
Elf:1:    eino_elf_arrival_the_gate, layout_loops_corners, serial_shops,
          nicolae_shop_temple_entry_statues_fountains, minivault_28
Elf:2:    nicolae_elf_blades_splatter_lattice [nooodl_blade_entry_preview],
          layout_geoelf_octagon, infiniplex_enter_wizlab_glasses, uniq_aizul
Elf:3:    minmay_elf_hall_not_hex, layout_geoelf_diagonals
Vaults:1: portal_desolation_entry_garden, hangedman_vaults_nodes,
          nicolae_vaults_you_can_take_it_with_you, vaults_dpeg_doors,
          vaults_room_grunt_arrival_ludios, vaults_room_fours,
          nicolae_vaults_alarming, ontoclasm_vaults_twist,
          nicolae_vaults_yaktaur_gun_rack, vaults_room_corners,
          vaults_dpeg_hooks, layout_vaults_omnigrid, uniq_norris
Vaults:2: ontoclasm_vaults_tryst, nicolae_vaults_arrows,
          minmay_crypt_entry_necro_gods, hangedman_vaults_cutoff,
          gammafunk_the_bubble [the_bubble_gammafunk_grid],
          nicolae_vaults_three_branches, vaults_dpeg_emergency_exit, v_rooms_2,
          serial_library_regret_index_small_wings, v_misc_9,
          nicolae_vaults_closet_pinwheel_1, nicolae_vaults_apartment_1,
          nicolae_vaults_little_squares_4, nicolae_vaults_offset_grid_hallway_4,
          nicolae_vaults_asterisk, layout_vaults_maze
Vaults:3: v_rooms_3, ontoclasm_vaults_gallery, nicolae_vaults_double_plus_1,
          v_alt_pattern_2, nicolae_vaults_shrinking_rooms_1,
          nicolae_vaults_offset_grid_hallway_3, nicolae_vaults_little_squares_5,
          nicolae_vaults_double_plus_3, nicolae_vaults_border_crossing,
          nicolae_vaults_rhombus_6, grunt_vaults_diagonal, vaults_mumra_lcd,
          layout_vaults_ring
Vaults:4: nicolae_vaults_oval_intersection, v_misc_13, v_misc_5,
          nicolae_vaults_little_squares_5, v_misc_23,
          nicolae_vaults_sightless_eye, nicolae_vaults_angled_halls,
          v_pattern_2, nicolae_vaults_security_offices_4,
          nicolae_vaults_trapezoid_lopsided_1, layout_vaults_big_room,
          uniq_boris
Crypt:1:  layout_gridlike, minmay_misc_feat_rows, minmay_misc_feat_alley,
          uniq_margery
Crypt:2:  layout_misc_corridors, door_vault, grunt_megastairs_2
Crypt:3:  church_of_pain_bobbens, layout_chaotic_city, minivault_14,
          moated_statue
Depths:1: layout_cave_pools, fedhas_altar_2, hellmouth_1, minivault_22,
          hangedman_decor_riveting, led_sif_pool
Depths:2: minmay_tile_spiral, layout_basic, enter_ziggurat_e, hell_entry,
          rand_demon_pan_entry_9, kennysheep_opposing_triangles,
          serial_bayou_shore_b, uniq_enchantress
Depths:3: hellmonk_ruined_rings, layout_gridville, hell_entry,
          grunt_dithmenos_smoke, hangedman_abyss_entry_splay, drop_trap,
          serial_bayou_shore_b, minmay_shop_grove
Depths:4: evilmike_zot_entry_round, layout_gridlike, serial_shops,
          nicolae_shop_pleasant_corner_grove, shop, hell_entry,
          serial_sigils_hangedman_clutch, grunt_pan_entry_zigzag
Zot:1:    layout_concentric_octagons, hangedman_zot_decor_tridents,
          lemuel_lake_of_fire
Zot:2:    grunt_deathspiral_small, layout_cathedral_of_symmetry
Zot:3:    layout_gridlike, bh_zot_ikea_curve
Zot:4:    gammafunk_its_a_trap, layout_gridville
Zot:5:    layout_misc_corridors

Skill      XL: |  1  2  3  4  5  6  7  8  9 10 11 12 13 14 15 16 17 18 19 20 21 22 23 24 |
---------------+-------------------------------------------------------------------------+-----
Stealth        | 2 4 5 6 10 12 13 15 | 15.0
Evocations     | 1 2 4 6 8 10 12 | 12.0
Spellcasting   | 1 2 3 5 6 8 9 10 12 13 14 15 | 15.0
Summonings     | 2 3 4 8 10 12 13 14 15 | 15.0
Conjurations   | 2 3 5 8 10 12 13 14 | 14.0
Dodging        | 5 6 8 10 12 15 18 21 23 25 27 | 27.0
Air Magic      | 3 |  3.0
Poison Magic   | 3 6 7 |  7.0
Fighting       | 4 8 10 12 14 15 | 15.0
Unarmed Combat | 6 9 10 12 14 | 14.0
Transmutations | 3 |  3.0
Fire Magic     | 3 |  3.0
Translocations | 4 8 10 12 17 | 17.6
Invocations    | 5 9 11 12 13 15 | 15.0
Earth Magic    | 3 7 8 |  8.0

Action                     |  1- 3 |  4- 6 |  7- 9 | 10-12 | 13-15 | 16-18 | 19-21 | 22-24 || total
---------------------------+-------+-------+-------+-------+-------+-------+-------+-------++-------
  Melee: Unarmed           |    71 |    42 |   150 |   190 |   351 |   789 |   928 |  1177 ||  3698
         Bite              |     2 |     8 |    17 |    31 |    62 |   139 |   206 |   297 ||   762
         Punch             |     2 |     2 |     5 |     6 |    37 |   101 |   148 |   212 ||   513
         Headbutt          |       |    13 |     8 |       |    18 |       |       |       ||    39
   Cast: Magic Dart        |    49 |    31 |    55 |   139 |   162 |    39 |     6 |       ||   481
         Call Imp          |       |    20 |    29 |     2 |       |       |       |       ||    51
         Mephitic Cloud    |       |       |     8 |    12 |     1 |     4 |       |       ||    25
         Poisonous Vapours |       |       |    10 |     1 |     6 |    30 |       |       ||    47
         Olgreb's Toxic Ra |       |       |    18 |    85 |   163 |   344 |   132 |       ||   742
         Ignite Poison     |       |       |       |    37 |    92 |   210 |    75 |       ||   414
         Iskenderun's Batt |       |       |       |    31 |    39 |    11 |     1 |       ||    82
         Summon Forest     |       |       |       |       |    34 |    49 |    42 |    20 ||   145
         Bombard           |       |       |       |       |       |       |   337 |   476 ||   813
         Blink             |       |       |       |       |       |       |     2 |     6 ||     8
         Spellforged Servi |       |       |       |       |       |       |    32 |    67 ||    99
         Vhi's Electric Ch |       |       |       |       |       |       |       |     2 ||     2
         Dispersal         |       |       |       |       |       |       |       |    29 ||    29
         Apportation       |       |       |       |       |       |       |       |     2 ||     2
         Disjunction       |       |       |       |       |       |       |       |     7 ||     7
 Invoke: Donate Gold       |       |       |       |       |       |     9 |       |       ||     9
         Recite            |       |       |       |       |       |     6 |    27 |    42 ||    75
         Sanctuary         |       |       |       |       |       |     1 |       |     1 ||     2
         Vitalisation      |       |       |       |       |       |       |     8 |    10 ||    18
  Evoke: Wand              |     7 |    42 |    15 |    20 |    20 |    16 |     9 |    19 ||   148
         Phantom mirror    |       |       |       |     1 |     2 |     3 |     1 |     2 ||     9
         Sack of spiders   |       |       |       |       |       |     1 |     4 |     2 ||     7
    Use: Scroll            |     2 |     2 |     4 |     8 |    13 |    10 |     8 |    22 ||    69
         Potion            |       |       |     1 |     3 |       |     2 |    12 |    30 ||    48
   Stab: Sleeping          |     6 |     1 |     5 |     7 |    17 |    13 |    26 |    41 ||   116
         Distracted        |       |     2 |       |     4 |     7 |    20 |    28 |    36 ||    97
         Confused          |       |       |     1 |     1 |     1 |     1 |    12 |     6 ||    22
         Invisible         |       |       |       |       |     5 |       |       |     3 ||     8
         Held in net/web   |       |       |       |       |       |     1 |       |       ||     1
 Armour: Skin              |    19 |    21 |    57 |    59 |   139 |   293 |   331 |   341 ||  1260
  Dodge: Dodged            |    44 |    21 |   174 |   280 |   621 |  1809 |  1650 |  2057 ||  6656
  Block: Other             |       |       |       |       |    15 |   187 |   172 |   182 ||   556

Table legend: (Time is in decaauts)
 A = Elapsed time spent in this place.
 B = Non-inter-level travel time spent in this place.
 C = Inter-level travel time spent in this place.
 D = Time resting spent in this place.
 E = Time spent auto-exploring this place.
 F = Levels seen in this place.
 G = Mean time per level.
                   A        B        C        D        E       F      G
               +--------+--------+--------+--------+--------+-----+--------+
         Total |  68685 |  63305 |   5380 |   3609 |  42648 |  61 | 1126.0 |
       Dungeon |  19508 |  17299 |   2209 |   1024 |   9667 |  15 | 1300.5 |
          Lair |   8434 |   7617 |    817 |    475 |   5951 |   5 | 1686.8 |
        Shoals |   6261 |   6091 |    170 |     47 |   5271 |   4 | 1565.2 |
   Spider Nest |   8468 |   7785 |    683 |    885 |   5413 |   4 | 2117.0 |
    Slime Pits |   1535 |   1477 |     58 |    401 |    535 |   5 |  307.0 |
  Orcish Mines |   1576 |   1481 |     95 |    100 |   1077 |   2 |  788.0 |
   Elven Halls |   3903 |   3613 |    290 |    141 |   2476 |   3 | 1301.0 |
        Vaults |   6678 |   6110 |    568 |     56 |   4517 |   4 | 1669.5 |
         Crypt |   3756 |   3576 |    180 |    111 |   2586 |   3 | 1252.0 |
        Depths |   5582 |   5333 |    249 |    126 |   3924 |   4 | 1395.5 |
           Zot |    927 |    871 |     56 |    170 |    254 |   5 |  185.4 |
         Abyss |    591 |    591 |      0 |     10 |    183 |   4 |  147.8 |
      Ice Cave |    497 |    497 |      0 |     33 |    345 |   1 |  497.0 |
        Wizlab |     20 |     20 |      0 |      0 |     12 |   1 |   20.0 |
    Desolation |    943 |    943 |      0 |     27 |    432 |   1 |  943.0 |
               +--------+--------+--------+--------+--------+-----+--------+

Top non-repeatable levels by time:
Shoals:4: 2891 daAuts
Spider:1: 2513 daAuts
Depths:2: 2267 daAuts
  Lair:5: 2227 daAuts
    D:11: 2224 daAuts
Spider:3: 2065 daAuts
Vaults:1: 2007 daAuts
Spider:2: 2002 daAuts
   Elf:3: 1897 daAuts
Spider:4: 1886 daAuts
Vaults:2: 1882 daAuts
  Lair:4: 1799 daAuts
     D:9: 1755 daAuts
     D:7: 1637 daAuts
 Crypt:3: 1609 daAuts
